Cogmind - Beta 15 @@@ ROGUE MODE // 2025.10.19 @ 01:07:41 Player: McSaucyNugget Result: Establishing 0b11! Performance ------------- Evolutions (9) 4500 Regions Visited (27) 5400 Robots Destroyed (404) 2020 Value Destroyed (24300) 24300 Prototype IDs (375) 7500 Alien Tech Used (8) 1600 Bonus (52775) 52775 TOTAL SCORE: 98095 Bonus ------- High Alert Combat Kills 986 Follower Combat Kills 1825 Forged Quantum Companion 2000 Entered Garrisons 200 Used RIF Installer 500 Network Hubs Disabled 200 Registered with UFD 300 Met Optimus in HQ 500 Met Zhirov 300 Built Enhanced Grunts 300 Met R17 at Cetus 500 Met R17 at Research 2000 Scanned by Researcher 500 Recovered Sigix Corpse 2000 Destroyed MAIN.C Guards 500 Met MAIN.C 5000 Destroyed MAIN.C Shell 5000 Destroyed MAIN.C 10000 Met Architect 300 Started Test 138-B 500 Destroyed A6 400 Destroyed A5 500 Destroyed A3 800 Destroyed A2 1000 Destroyed Architect 15000 Win 3000 Friendly Fire -1336 Cogmind --------- Core Integrity 908/1600 Matter 290/300 Energy 575/590 System Corruption 2% Temperature Cool (24) Movement Hovering (33) Location 0b11 Command Parts ------- > --- POWER (3) -------- Improved Quantum Reactor Concept Zero-point Core Concept Zero-point Core > --- PROPULSION (8) --- Gravjet Array Gravjet Array Concept Combat Aerolev Unit Concept Combat Aerolev Unit Concept Gyrokinetic System Concept Gyrokinetic System > --- UTILITY (13) ----- Concept Antigrav Storage Unit Advanced Melee Analysis Suite Concept Weapon Articulator Experimental Core Analyzer Experimental Armor Integrity Analyzer Femtoactuators Advanced Reaction Control System Experimental Powered Armor Heavy Regenerative Plating Concept Impact Drone Bay (5/6) > --- WEAPON (2) ------- Superquantum Companion > --- INVENTORY (25) --- Improved Quantum Reactor Experimental Antimatter Reactor Zero-point Reactor Experimental Gyrokinetic Inverter Experimental Antigrav System Experimental Antigrav System Concept Combat Aerolev Unit Concept Gyrokinetic System Concept Gyrokinetic System Concept Chromion Battery (800) Concept Chromion Battery (800) Concept Chromion Battery (800) Experimental Phase Shifter Centrium Linked Plating Experimental Powered Armor Experimental Powered Armor Experimental Powered Armor Experimental Force Field Transdimensional Reconstructor Heavy Quantum Rifle Compact HERF Cannon A3's Sniper Rifle Sigix Corpse Peak State ------------ > --- POWER ------------ Experimental Antimatter Reactor Concept Zero-point Core Concept Zero-point Core > --- PROPULSION ------- Gravjet Array Gravjet Array Concept Combat Aerolev Unit Concept Combat Aerolev Unit Concept Gyrokinetic System Concept Gyrokinetic System > --- UTILITY ---------- Concept Antigrav Storage Unit Advanced Melee Analysis Suite Concept Weapon Articulator Experimental Core Analyzer Experimental Armor Integrity Analyzer Femtoactuators Experimental Reaction Control System Experimental Phase Shifter Improved Utility Shielding Experimental Powered Armor Heavy Regenerative Plating Experimental Force Field > --- WEAPON ----------- Modified Sigix Sheargun Superquantum Companion > --- INVENTORY -------- Improved Quantum Reactor Improved Quantum Reactor Experimental Gyrokinetic Inverter Experimental Antigrav System Experimental Antigrav System Gravjet Array Gravjet Array Concept Combat Aerolev Unit Concept Gyrokinetic System Concept Gyrokinetic System Concept Chromion Battery Concept Chromion Battery Concept Chromion Battery Advanced Reaction Control System Advanced Reaction Control System Advanced Phase Shifter Experimental Powered Armor Experimental Powered Armor Concept Impact Drone Bay Transdimensional Reconstructor Heavy Quantum Rifle Compact HERF Cannon Sigix Corpse [Rating: 288] Favorites ----------- Power Concept Zero-point Core Engine Reinforced Ion Engine Power Core Concept Zero-point Core Reactor Light Antimatter Reactor Propulsion Enhanced Armored Medium Treads Treads Enhanced Armored Medium Treads Wheel Overtuned Huge Scrapsphere Hover Unit Cooled Aerolev Unit Flight Unit Concept Fieldthrust Drive Utility Advanced Melee Analysis Suite Device Nanoactuators Storage Large Storage Unit Processor Advanced Melee Analysis Suite Hackware Improved Hacking Suite Protection Heavy Regenerative Plating Weapon Quantum Companion Energy Gun Heavy Quantum Rifle Energy Cannon Heavy Plasma Cannon Ballistic Gun Light Assault Rifle Ballistic Cannon Gauss Cannon Launcher Gamma Bomb Array Special Weapon Improved Remote Datajack Slashing Weapon Quantum Companion Build | -11 -10 -10 -8 -8 -6 -6 -6 -6 -6 -5 -5 -5 -5 -4 -4 -4 -4 -4 -4 -3 -3 -2 -2 -2 -1 -1 -1 ------- Run | Yrd Mat Sub Rec Scr Fac Gar Fac Low Low Fac Upp Upp Zhi Pro Fac Ext Cet Arc Hub Res Tes Res Qua Frg Acc Com Ac0 Slots Evolved 18 | . . . . . 8 . . . . 2 . . . . 2 . . . . 2 . 2 . . 2 . . Power 2 | . . . . . . . . . . . . . . . 1 . . . . 1 . . . . . . . Propulsion 6 | . . . . . 3 . . . . 1 . . . . . . . . . . . 2 . . . . . Utility 10 | . . . . . 5 . . . . 1 . . . . 1 . . . . 1 . . . . 2 . . Weapon . | . . . . . . . . . . . . . . . . . . . . . . . . . . . . Parts Attached 309 | 6 8 7 . 8 24 21 12 . 3 18 . . 6 2 16 10 18 3 2 11 27 24 15 29 2 20 17 Power 50 | 1 2 . . 1 3 3 . . . 2 . . . . 5 2 3 1 . 2 6 6 4 4 . 3 2 Engine 8 | 1 2 . . 1 2 2 . . . . . . . . . . . . . . . . . . . . . Core 7 | . . . . . 1 1 . . . 1 . . . . 1 1 . . . . . . . 2 . . . Reactor 35 | . . . . . . . . . . 1 . . . . 4 1 3 1 . 2 6 6 4 2 . 3 2 Propulsion 75 | 2 . 2 . 2 6 8 1 . 1 5 . . 4 . 4 1 5 . . 2 6 9 5 9 . . 3 Treads 32 | 2 . 2 . 2 5 4 . . . . . . . . . . 5 . . 2 5 4 1 . . . . Leg . | . . . . . . . . . . . . . . . . . . . . . . . . . . . . Wheel 1 | . . . . . 1 . . . . . . . . . . . . . . . . . . . . . . Hover 41 | . . . . . . 4 1 . 1 5 . . 4 . 4 1 . . . . 1 5 4 8 . . 3 Flight 1 | . . . . . . . . . . . . . . . . . . . . . . . . 1 . . . Utility 140 | 1 3 2 . 1 11 9 9 . 2 9 . . 2 2 5 5 8 2 2 5 9 8 5 16 2 13 9 Device 72 | . 2 1 . . 6 5 3 . 1 3 . . . 1 4 3 4 1 1 3 4 4 4 9 1 7 5 Storage 11 | 1 1 . . 1 1 . 1 . . 1 . . . . . . . . . . 2 1 . 1 . 1 . Processor 19 | . . . . . 1 1 1 . . 1 . . . 1 1 1 . . 1 1 . 2 . 5 . 3 . Hackware 12 | . . . . . . 1 1 . . 3 . . . . . . . 1 . 1 1 1 1 . 1 . 1 Protection 26 | . . 1 . . 3 2 3 . 1 1 . . 2 . . 1 4 . . . 2 . . 1 . 2 3 Artifact . | . . . . . . . . . . . . . . . . . . . . . . . . . . . . Weapon 44 | 2 3 3 . 4 4 1 2 . . 2 . . . . 2 2 2 . . 2 6 1 1 . . 4 3 Energy Gun 7 | 1 . . . 1 . . . . . . . . . . . . . . . . 2 . . . . 2 1 Energy Cannon 15 | . . 1 . . 2 . 1 . . 2 . . . . . 1 . . . 2 3 1 . . . 1 1 Ballistic Gun 10 | 1 2 1 . 1 1 . . . . . . . . . . 1 2 . . . . . . . . . 1 Ballistic Cannon 4 | . . 1 . 1 1 . . . . . . . . . . . . . . . 1 . . . . . . Launcher 3 | . 1 . . . . 1 . . . . . . . . . . . . . . . . . . . 1 . Special Weapon 2 | . . . . . . . 1 . . . . . . . 1 . . . . . . . . . . . . Impact Weapon . | . . . . . . . . . . . . . . . . . . . . . . . . . . . . Slashing Weapon 3 | . . . . 1 . . . . . . . . . . 1 . . . . . . . 1 . . . . Piercing Weapon . | . . . . . . . . . . . . . . . . . . . . . . . . . . . . Special Melee Weapon . | . . . . . . . . . . . . . . . . . . . . . . . . . . . . Unidentified Prototypes 46 | . . . . 1 2 1 . . 1 1 . . 3 . . . 4 . . 2 12 4 3 7 . 1 4 Corrupted Parts 5 | . . . . . . . . . . . . . . . . . 2 . . . . . . . . 3 . System Corruption 24 | . . . . . . . . . . . . . . . . . 13 . . . . . . . . 11 . Parts Lost 69 | . 1 7 . . 9 11 . . 1 2 . . . 1 4 10 2 . . 3 1 2 . 4 . 3 8 Power 11 | . . . . . 1 1 . . . . . . . . 1 3 1 . . . 1 1 . . . 1 1 Propulsion 17 | . . 2 . . 3 6 . . . . . . . . 1 3 . . . . . . . . . . 2 Utility 34 | . . 2 . . 4 4 . . 1 2 . . . 1 2 4 1 . . 3 . 1 . 3 . 1 5 Weapon 7 | . 1 3 . . 1 . . . . . . . . . . . . . . . . . . 1 . 1 . Highest Loss Streak 6 | . 1 5 . . 6 4 . . 1 1 . . . 1 2 4 2 . . 2 1 1 . 2 . 1 1 To Critical Strikes 3 | . . . . . 2 . . . . . . . . . . . . . . . . . . . . . 1 Average Backups 15 | . 4 8 3 9 13 14 7 10 9 12 14 15 14 14 13 13 13 13 13 12 16 19 21 17 22 21 22 Power 1 | . 1 1 1 . . . . . . . 1 1 1 1 1 1 1 1 1 . 1 2 2 1 2 . 2 Propulsion 4 | . 1 3 1 1 1 5 . . . 2 5 5 4 5 4 2 2 2 2 2 4 7 8 4 8 8 6 Utility 4 | . . . . 1 4 3 5 8 7 6 4 4 3 3 3 3 3 4 4 3 5 4 5 7 9 8 9 Weapon 2 | . 1 3 1 3 4 2 1 1 1 2 2 2 2 1 2 2 3 3 3 3 3 3 3 2 1 2 2 Tool/Special . | . . . . . . . . . . . . . . . . . . . . . . . . . . . . Unused Backups 72 | . 1 2 . 2 7 8 1 . . 9 . . . 3 3 2 2 . . 3 7 1 2 3 . 6 10 Power 15 | . . 1 . . . 1 1 . . 1 . . . 1 . 1 . . . 1 . 1 1 1 . 4 1 Propulsion 17 | . . 1 . 1 2 1 . . . 4 . . . . . . . . . 1 3 . . . . . 4 Utility 23 | . 1 . . . 1 3 . . . 3 . . . . 2 1 2 . . 1 2 . 1 1 . 1 4 Weapon 12 | . . . . 1 4 1 . . . 1 . . . 1 1 . . . . . 2 . . . . 1 . Tool/Special 5 | . . . . . . 2 . . . . . . . 1 . . . . . . . . . 1 . . 1 Average Slot Usage (%) 88 | . 94 98 100 97 75 77 98 100 99 89 94 94 88 88 92 94 85 82 85 83 81 86 87 85 87 83 81 Engine 3 | . 14 14 14 14 2 4 6 6 6 2 . . . . . . . . . . . . . . . . . Core 1 | . . . . . 3 1 . . . 1 . . . . . 4 . . . . . . . 2 7 6 7 Reactor 5 | . . . . . . . . . . 1 5 5 5 5 9 5 9 10 10 12 13 12 12 9 3 2 3 Treads 12 | . 28 27 28 28 15 15 . . . . . . . . . . 8 15 15 13 14 25 27 . . . . Hover 11 | . . . . . . 6 31 33 31 27 27 27 27 27 26 30 12 . . . . . 1 24 23 22 23 Device 12 | . 8 12 . . 15 11 20 20 17 13 16 16 16 16 18 18 10 11 10 12 9 6 9 15 19 21 18 Storage 6 | . 14 14 14 14 6 4 3 6 6 5 5 5 5 5 5 5 5 5 5 4 4 4 4 4 3 3 3 Processor 12 | . . . . . 5 5 11 13 12 12 16 16 16 21 21 22 22 20 20 16 18 16 14 14 15 11 11 Hackware 3 | . . . . . . 1 3 6 6 9 5 5 5 . . . . . 5 4 8 9 8 1 2 . . Protection 6 | . . 1 14 14 6 8 5 . 5 7 5 5 5 5 5 1 7 10 10 9 4 4 4 3 3 6 8 Energy Gun 1 | . 5 . . 6 . . . . . . . . . . . . . . . . . 1 . . 3 . . Energy Cannon 1 | . . 12 . . . 4 5 5 6 . 5 5 . . . . . 4 5 4 . . . 2 . . . Ballistic Gun 2 | . 22 14 14 4 1 . . . . . . . . . . 2 4 . . . . . . . . . . Ballistic Cannon 1 | . . . 14 8 . . . . . . . . . . . . . . . . . . . . . . . Slashing Weapon 4 | . . . . 6 6 6 6 6 6 5 5 5 5 5 5 5 5 5 5 4 3 3 4 4 3 3 3 Peak Build Rating 288 | 6 11 15 12 28 75 81 82 77 86 104 103 103 105 105 128 129 154 155 155 175 179 190 201 265 285 285 288 Average Rating 137 | 3 8 12 12 21 62 63 77 77 80 91 102 103 96 100 116 119 137 151 154 166 165 178 180 218 284 272 272 On Entrance 114 | . 6 10 12 12 28 65 81 77 77 86 102 103 103 105 100 119 126 153 155 154 172 162 177 201 260 285 277 Naked Turns . | . . . . . . . . . . . . . . . . . . . . . . . . . . . . Heaviest Build 164 | 12 25 35 28 45 90 82 43 37 44 61 57 57 57 57 74 69 83 88 88 102 133 153 164 109 103 125 127 Greatest Support 278 | 40 40 40 40 43 66 78 43 43 47 72 61 61 69 78 81 73 240 240 240 260 250 278 275 124 124 124 124 Greatest Overweight (x) 4 | . . 1 . 1 4 4 . . . 2 . . 1 . 1 . 1 . . . . . . . . 1 1 Average Overweight (x) . | . . . . . 2 . . . . . . . . . . . . . . . . . . . . . . Largest Inventory Capacity 25 | 8 10 10 10 15 20 20 10 10 10 15 15 15 15 15 15 15 15 15 15 15 20 25 25 25 25 25 25 Average Capacity 17 | 7 8 10 10 12 17 16 8 10 10 13 15 15 15 15 15 15 15 15 15 15 19 22 24 19 25 25 25 Most Carried 25 | . 10 10 4 15 20 20 10 10 10 15 15 15 15 15 15 15 15 15 15 15 20 25 25 25 25 25 25 Average Carried 16 | . 4 9 4 10 14 14 7 10 9 12 14 15 14 14 13 13 14 14 14 14 19 22 24 19 24 24 23 Final Capacity 25 | 8 10 10 10 15 20 5 10 10 10 15 15 15 15 15 15 15 15 15 15 15 20 25 15 25 25 25 25 Final Carried 25 | . 10 4 4 15 20 5 10 10 9 15 15 15 15 15 14 15 15 15 15 15 19 25 15 25 25 25 23 Class Distribution -------------------- 28% | Scavenger-Mutant 25% | Mutant 8% | Scout 8% | Hacker-Mutant 7% | Scavenger-Sprinter 4% | Hacker-Sprinter 3% | Infiltrator-Sprinter 3% | Ninja Dominant Class ---------------- Mutant | -10/Materials Mutant | -10/Subcaves Mutant | -8/Recycling Mutant | -8/Scraptown Mutant | -6/Factory Scavenger-Mutant | -6/Garrison Scout | -6/Factory Scout | -6/Lower Caves Scout | -6/Lower Caves Hacker-Scout | -5/Factory Scout | -5/Upper Caves Scout | -5/Upper Caves Scout | -5/Zhirov Scout | -4/Proximity Caves Ninja | -4/Factory Scavenger-Mutant | -4/Extension Scavenger-Mutant | -4/Cetus Scavenger-Mutant | -4/Archives Scavenger-Mutant | -4/Hub_04(d) Scavenger-Mutant | -3/Research Scavenger-Mutant | -3/Testing Scavenger-Mutant | -2/Research Hacker-Mutant | -2/Quarantine Sprinter | -2/Protoforge Hacker-Sprinter | -1/Access Infiltrator-Sprinter | -1/Command Scavenger-Sprinter | -1/Access_0 Resources | -11 -10 -10 -8 -8 -6 -6 -6 -6 -6 -5 -5 -5 -5 -4 -4 -4 -4 -4 -4 -3 -3 -2 -2 -2 -1 -1 -1 ----------- Run | Yrd Mat Sub Rec Scr Fac Gar Fac Low Low Fac Upp Upp Zhi Pro Fac Ext Cet Arc Hub Res Tes Res Qua Frg Acc Com Ac0 Matter Collected 8545 | 197 200 225 116 174 524 363 190 33 125 315 97 77 . 205 365 381 219 122 63 140 799 487 656 1713 90 389 280 Remotely . | . . . . . . . . . . . . . . . . . . . . . . . . . . . . Salvage Created 25305 | . 495 412 39 . 1668 741 960 63 104 684 . 58 . 157 854 1577 397 415 539 564 2061 2679 1741 2836 394 1923 3944 Parts 1215 | . 43 25 2 . 72 47 39 7 2 37 . 1 . 6 43 54 18 26 31 17 136 108 113 154 18 26 190 Haulers Intercepted 12 | . 2 . . . 3 . 1 . . 1 . . . . . 2 . . . 1 . 1 . . 1 . . Recyclers Shooed 4 | . . . . . 1 . 1 . . 2 . . . . . . . . . . . . . . . . . Parts Field Recycled . | . . . . . . . . . . . . . . . . . . . . . . . . . . . . Retrieved Matter . | . . . . . . . . . . . . . . . . . . . . . . . . . . . . Parts Self-Destructed 14 | . . 2 . . . . . 5 2 . . . . 5 . . . . . . . . . . . . . Prevented 2 | . . . . . . . . . 2 . . . . . . . . . . . . . . . . . . Kills | -11 -10 -10 -8 -8 -6 -6 -6 -6 -6 -5 -5 -5 -5 -4 -4 -4 -4 -4 -4 -3 -3 -2 -2 -2 -1 -1 -1 ------- Run | Yrd Mat Sub Rec Scr Fac Gar Fac Low Low Fac Upp Upp Zhi Pro Fac Ext Cet Arc Hub Res Tes Res Qua Frg Acc Com Ac0 Combat Hostiles Destroyed 312 | . 12 13 1 . 20 23 3 5 1 10 . . . 2 13 16 4 1 6 3 31 41 22 33 3 9 40 Melee 212 | . . . . . 18 13 3 . 1 10 . . . 2 12 10 3 1 6 . 22 23 18 28 1 8 33 Guns 16 | . 9 4 . . . . . . . . . . . . . . 1 . . . . 1 1 . . . . Cannons 13 | . . 3 1 . . . . . . . . . . . . . . . . 3 . 4 1 . 1 . . AOE 45 | . 3 6 . . . 10 . 5 . . . . . . . 6 . . . . 7 8 . . . . . Classes Destroyed 29 | . 6 3 1 . 5 1 . . 1 . . 1 . . 1 1 . . 2 . 1 2 . 4 . . . Worker 10 | . . . . . 2 . 1 . . . . . . . . . . . 1 1 2 1 . . . 2 . Builder 11 | . 1 . . . 3 . . . . . . . . . . 1 . . 1 . 2 1 1 . 1 . . Tunneler 1 | . . . . . . . . . . . . . . . . . . . . . . 1 . . . . . Hauler 12 | . 2 . . . 3 . 1 . . 1 . . . . . 2 . . . 1 . 1 . . 1 . . Recycler 17 | . . . . . 3 . 5 . . 1 . . . . . 3 . . . 1 . 1 1 . . 2 . Minesweeper 1 | . . . . . . . . . 1 . . . . . . . . . . . . . . . . . . Mechanic 2 | . . . . . . . . . . . . . . . . . . . . . . 1 1 . . . . Operator 16 | . 1 . . . . . 1 . . 1 . . . . . 1 . 9 . . . . 3 . . . . Drone 2 | . . . . . . . . . . . . . . . 1 . . . . . . . . 1 . . . Turret 2 | . . 2 . . . . . . . . . . . . . . . . . . . . . . . . . Watcher 17 | . 2 . . . . . . . . . . . . . . 1 2 . 2 1 2 1 3 1 1 1 . Swarmer 74 | . 6 4 . . 8 13 . 5 . 5 . . . . . 4 . . . . 5 18 5 . 1 . . Grunt 51 | . 6 . . . 3 6 . . 1 . . . . . 5 5 . . . 1 8 12 3 . 1 . . Duelist 1 | . . . . . 1 . . . . . . . . . . . . . . . . . . . . . . Protector 1 | . . . . . . . . . . . . . . . . 1 . . . . . . . . . . . Researcher 3 | . . . . . . . . . . . . . . . . . . . . . 1 . . 2 . . . Sentry 37 | . . . 1 . 3 1 2 . . 1 . . . . 3 5 . 1 2 . . 4 . 11 . 3 . Specialist 1 | . . . . . . . . . . . . . . . . . . . 1 . . . . . . . . Hunter 21 | . . . . . 4 1 1 . . 1 . . . 2 2 . . . 2 1 2 . . 2 1 2 . Programmer 53 | . . . . . 1 1 . . . 3 . . . . 2 . . . . . 16 7 14 9 . . . Heavy 1 | . . . . . . . . . . . . . . . . . . . 1 . . . . . . . . Behemoth 2 | . . . . . . 1 . . . . . . . . . . . . . 1 . . . . . . . Cetus Guard 4 | . . . . . . . . . . . . . . . . . 4 . . . . . . . . . . Enhanced Grunt 22 | . . . . . . . . . . . . . . . . . . . . . . . . . . . 22 Enhanced Sentry 4 | . . . . . . . . . . . . . . . . . . . . . . . . . . . 4 Enhanced Hunter 8 | . . . . . . . . . . . . . . . . . . . . . . . . . . . 8 Hotshot 4 | . . . . . . . . . . . . . . . . . . . . . . . . 4 . . . Decapitator 3 | . . . . . . . . . . . . . . . . . . . . . . . . 3 . . . Combat Programmer 2 | . . . . . . . . . . . . . . . . . . . . . . . . . . 2 . Alpha 7 2 | . . . . . . . . . . . . . . . . . . . . . . . . 2 . . . V-Series 1 | . . . . . . . . . . . . . . . . . . . . . . . . 1 . . . Artisan 1 | . . 1 . . . . . . . . . . . . . . . . . . . . . . . . . Subdweller 9 | . . 9 . . . . . . . . . . . . . . . . . . . . . . . . . Samaritan 1 | . . . . . . . . . . . . 1 . . . . . . . . . . . . . . . Tinkerer 1 | . . . . . . . . . . . . . . . . . . . . . . . . 1 . . . Butcher 1 | . . . . . . . . . . . . . . . . 1 . . . . . . . . . . . Best Kill Streak 8 | . 7 7 1 . 6 7 5 5 2 5 . . . 2 3 5 3 4 3 1 8 7 4 4 2 4 6 Combat Bots Only 7 | . 6 7 1 . 4 7 1 5 1 5 . . . 2 3 4 2 1 3 1 7 7 4 4 2 2 6 Max Kills in Single Turn 6 | . 3 2 1 . 3 6 1 3 1 1 . 1 . 1 1 3 1 1 1 1 4 3 2 2 1 1 2 Gunslinging 1 | . 1 . . . . . . . . . . . . . . . . . . . . . . . . . . Exploded 6 | . 2 2 . . . 6 . 3 . . . . . . . 3 . . . . 3 3 . . . . . Melee 2 | . . . . . 1 1 1 . 1 1 . . . 1 1 1 1 1 1 . 1 1 2 1 1 1 2 Uniques/NPCs Destroyed 9 | . . . . . . . . . . . . . . . . . 1 . . . . . . . . 2 6 A7 (-4/Cetus) MAIN.C Shell (-1/Command) MAIN.C (-1/Command) A6 (-1/Access_0) A5 (-1/Access_0) A2 (-1/Access_0) A4 (-1/Access_0) Architect (-1/Access_0) A3 (-1/Access_0) Combat | -11 -10 -10 -8 -8 -6 -6 -6 -6 -6 -5 -5 -5 -5 -4 -4 -4 -4 -4 -4 -3 -3 -2 -2 -2 -1 -1 -1 -------- Run | Yrd Mat Sub Rec Scr Fac Gar Fac Low Low Fac Upp Upp Zhi Pro Fac Ext Cet Arc Hub Res Tes Res Qua Frg Acc Com Ac0 Hostile Shots Fired 2613 | . 40 172 8 . 353 154 40 11 10 63 . . . 54 104 82 75 12 46 62 212 249 123 177 5 60 501 Missed 1067 | . 12 74 . . 86 42 21 8 6 24 . . . 30 46 35 19 3 11 13 63 68 38 78 2 29 359 Deflected 34 | . . . . . . . . . . . . . . . . 2 2 . 3 1 6 6 6 2 . 2 4 Hits 1546 | . 28 98 8 . 267 112 19 3 4 39 . . . 24 58 47 56 9 35 49 149 181 85 99 3 31 142 Melee 6 | . . . . . 3 . . . . . . . . . . . . . . . . . . 1 . . 2 Projectile 1540 | . 28 98 8 . 264 112 19 3 4 39 . . . 24 58 47 56 9 35 49 149 181 85 98 3 31 140 AOE 7 | . . . . . . . . . . . . . . . . 2 . . . . . . . 2 . 3 . Critical Strikes 86 | . . . . . 7 2 . . . 1 . . . 2 3 1 7 . 1 . 14 9 9 10 . 3 17 Actively Blocked 10 | . . . . . . . . . . . . . . . . 1 . . . . . . 1 3 . 3 2 Part Disruptions 8 | . . . . . . . . . . . . . . . . . . . . . 2 3 . . . 1 2 Damage Taken 27154 | . 328 983 123 . 3049 2005 306 38 18 822 . . . 442 1196 1528 1439 249 652 1127 1751 3284 1258 2618 71 1434 2433 Core 3156 | . 80 101 15 . 262 308 49 16 . 167 . . . 93 83 440 148 6 85 64 173 247 65 190 5 210 349 Absorbed by Shields 6521 | . 4 134 . . 391 153 . . . . . . . . . 11 154 . . . 1531 962 612 352 . . 2217 Reduced by Siege Mode 18 | . . . . . . . . . . . . . . . . . . . . 18 . . . . . . . Redirected to Shielding 89 | . . . . . . . . . . . . . . . . . . . . . . . . . . . 89 Regen/Repaired (Parts) 5854 | . . . . . 10 . . . . 102 . . . . 112 . 7 158 108 302 504 1238 410 908 483 786 726 Core Remaining (%) 55 | 100 . . . 21 . . . . 25 . . . . 74 . . . . 33 . 75 . . 60 . . 56 Volleys Fired 429 | . 24 48 5 . 48 9 22 11 23 16 6 4 . 5 12 9 9 5 5 6 21 21 32 22 18 44 4 Largest 2 | . 2 2 2 . 1 1 1 1 1 1 1 1 . 1 1 1 1 1 1 1 1 1 1 1 1 1 1 Hottest 120 | . 60 105 50 . 90 90 90 90 90 98 98 98 . 98 98 105 35 105 105 105 113 94 94 94 80 120 94 Shots Fired 491 | . 46 76 11 . 48 9 22 11 23 16 6 4 . 5 12 9 11 5 5 6 23 21 33 23 18 44 4 Gun 192 | . 44 42 6 . . . . . . . . . . . . . 10 . . . 7 13 32 8 18 12 . Cannon 249 | . . 19 5 . 48 2 22 9 23 16 6 4 . 5 12 1 . 5 5 6 11 2 1 14 . 29 4 Launcher 49 | . 2 15 . . . 7 . 2 . . . . . . . 8 . . . . 5 6 . 1 . 3 . Special 1 | . . . . . . . . . . . . . . . . . 1 . . . . . . . . . . Kinetic 131 | . 27 46 11 . 34 . . . . . . . . . . . 10 . . . 3 . . . . . . Thermal 246 | . . 15 . . 5 2 22 9 23 16 6 4 . 5 12 1 . 5 5 2 9 13 32 8 18 34 . Explosive 46 | . 2 15 . . . 7 . 2 . . . . . . . 8 . . . . 5 6 . 1 . . . Electromagnetic 67 | . 17 . . . 9 . . . . . . . . . . . . . . 4 6 2 1 14 . 10 4 Robot Hit Streak 16 | . 12 16 13 . 6 6 . . . . . 1 . . . 3 10 2 . 4 1 1 4 5 . 9 13 Robot Miss Streak 3 | . 1 2 1 . 1 1 . . . . . 1 . . . 1 2 1 . 1 3 1 . 1 . . . Penetration Max 1 | . . . . . . . . . . . . . . . . . 1 . . . . . . . . . . Secondary Targets 2 | . 1 1 . . . . . . . . . . . . . . . . . . . . . . . . . Max Gunslinging Chain 1 | . 1 1 . . . . . . . . . . . . . . . . . . . . . . . . . Autonomous 54 | . . . . . . . . . . . . . . . 2 3 4 2 3 6 9 10 6 2 1 1 5 Shots Hit Robots 1181 | . 33 47 9 . 86 50 25 . 4 48 . 3 . 9 48 53 26 18 22 26 77 98 53 105 8 66 267 Core Hits 594 | . 25 37 2 . 35 35 12 6 2 15 . . . 4 19 30 13 6 16 10 50 47 26 50 5 29 120 Critical Kills . | . . . . . . . . . . . . . . . . . . . . . . . . . . . . Critical Parts Destroyed . | . . . . . . . . . . . . . . . . . . . . . . . . . . . . Critical Strikes 53 | . . . . . 3 . 2 . . 2 . . . . . 2 . . 2 2 4 6 4 4 . 2 20 Corrupt 1 | . . . . . 1 . . . . . . . . . . . . . . . . . . . . . . Melee Attacks 1402 | . . . . . 109 69 38 . 6 69 . 2 . 9 62 90 24 15 28 26 110 140 86 117 35 87 280 Impact . | . . . . . . . . . . . . . . . . . . . . . . . . . . . . Slashing 1402 | . . . . . 109 69 38 . 6 69 . 2 . 9 62 90 24 15 28 26 110 140 86 117 35 87 280 Piercing . | . . . . . . . . . . . . . . . . . . . . . . . . . . . . Sneak Attacks 115 | . . . . . 8 1 8 . 1 6 . 2 . . 3 12 4 10 3 6 5 10 5 9 3 9 10 Combat Hostiles 39 | . . . . . 1 1 . . . . . . . . 3 4 . . 1 2 1 6 1 5 . 4 10 Follow-up Attacks 22 | . . . . . 2 . . . . . . . . . . 1 2 . . . . . 1 . . 1 15 Martial Strikes 12 | . . . . . . . . . . . . . . . . . . . . . . . . 7 1 4 . Damage Inflicted 86166 | . 761 1358 110 . 4117 2878 1347 259 253 2191 . 233 . 451 2699 5102 1700 2137 1724 2281 6674 8332 4728 9444 932 6420 20035 Guns 1271 | . 400 367 41 . . . . . . . . . . . . . 210 . . . . 74 51 . . 128 . Cannons 6168 | . . 269 69 . 266 . . . . . . 35 . . 172 256 357 292 258 624 860 855 591 542 94 82 546 Explosions 6284 | . 361 722 . . 510 1118 . 259 . . . . . . . 821 . . . . 1036 1262 . 195 . . . Melee 72383 | . . . . . 3341 1760 1347 . 253 2191 . 198 . 451 2527 4025 1133 1845 1454 1657 4757 6114 4086 8707 838 6210 19489 Ramming 60 | . . . . . . . . . . . . . . . . . . . 12 . 21 27 . . . . . Kinetic 958 | . 221 417 110 . . . . . . . . . . . . . 210 . . . . . . . . . . Thermal 650 | . 118 219 . . . . . . . . . 35 . . . . . 143 . . . 74 51 . . 10 . Explosive 6166 | . 243 722 . . 510 1118 . 259 . . . . . . . 821 . . . . 1036 1262 . 195 . . . Electromagnetic 1384 | . 179 . . . 266 . . . . . . . . . . . . . . 114 85 46 52 389 . 118 135 Impact . | . . . . . . . . . . . . . . . . . . . . . . . . . . . . Slashing 72383 | . . . . . 3341 1760 1347 . 253 2191 . 198 . 451 2527 4025 1133 1845 1454 1657 4757 6114 4086 8707 838 6210 19489 Piercing . | . . . . . . . . . . . . . . . . . . . . . . . . . . . . Phasic 4565 | . . . . . . . . . . . . . . . 172 256 357 149 258 510 775 809 539 153 94 82 411 Highest Corruption 49 | . 2 2 2 . 1 1 1 1 1 2 2 2 2 2 1 2 15 15 9 . 20 8 16 49 . 7 2 Average Corruption 7 | . 2 2 2 . 1 1 1 1 1 1 2 2 2 2 1 1 5 11 9 . 13 5 11 29 . 3 2 Corruption Purged 17 | . . . . . . . . . . . . . . . . . . 6 . . . . . . . 11 . Corruption Blocked . | . . . . . . . . . . . . . . . . . . . . . . . . . . . . Effects 375 | . 5 10 4 . 1 6 2 1 3 12 7 1 1 1 . 7 10 10 14 . 90 36 78 59 . 2 15 Message Errors 88 | . 2 2 1 . . 1 . . 1 2 2 1 1 . . . 4 5 2 . 25 7 15 14 . . 3 Matter Fused 103 | . 1 4 2 . . . . 1 1 5 1 . . . . 3 1 2 6 . 20 13 22 15 . 1 5 Heat Flow Errors 41 | . 1 . . . . 1 . . . . 1 . . . . 1 1 1 1 . 9 4 12 7 . 1 1 Energy Discharges 52 | . . 3 . . 1 2 1 . . 2 2 . . . . 1 . . 2 . 13 5 8 8 . . 4 Parts Rejected 8 | . . . . . . . . . . 1 . . . . . . 1 . . . 1 1 2 1 . . 1 Parts Fused 7 | . . 1 . . . . . . 1 . . . . . . . . . . . 2 . 2 1 . . . Data Loss (minor) 39 | . 1 . . . . 2 . . . 2 1 . . . . 2 1 1 1 . 11 2 12 2 . . 1 Data Loss (major) 18 | . . . . . . . 1 . . . . . . 1 . . . 1 1 . 4 4 4 2 . . . Misfires 7 | . . . 1 . . . . . . . . . . . . . 2 . . . 2 . 1 1 . . . Alerts 4 | . . . . . . . . . . . . . . . . . . . 1 . 2 . . 1 . . . Misdirections 8 | . . . . . . . . . . . . . . . . . . . . . 1 . . 7 . . . Overload Shots . | . . . . . . . . . . . . . . . . . . . . . . . . . . . . Overflow Damage 7026 | . 20 35 . . 147 138 160 20 87 178 . 99 . . 151 389 16 666 241 124 528 836 594 853 52 671 1021 Projectiles 722 | . . 22 . . . . . . . . . . . . 40 96 . . 123 65 116 93 117 10 . . 40 Explosions 207 | . 20 13 . . . 4 . 20 . . . . . . . . . . . . 23 127 . . . . . Melee 6097 | . . . . . 147 134 160 . 87 178 . 99 . . 111 293 16 666 118 59 389 616 477 843 52 671 981 Knockbacks . | . . . . . . . . . . . . . . . . . . . . . . . . . . . . Impact . | . . . . . . . . . . . . . . . . . . . . . . . . . . . . Kinetic . | . . . . . . . . . . . . . . . . . . . . . . . . . . . . Secondary . | . . . . . . . . . . . . . . . . . . . . . . . . . . . . Self-Inflicted Damage 259 | . 53 . . . . 45 . . . . . . . . . 71 . . . . . 90 . . . . . Shots 6 | . 1 . . . . 2 . . . . . . . . . 1 . . . . . 2 . . . . . Rammed 6 | . . . . . . . . . . . . . . . . . . . 2 . 2 2 . . . . . Targets Rammed 9 | . . . . . . . . . . . . . . . . . . . 2 . 3 4 . . . . . Kicked . | . . . . . . . . . . . . . . . . . . . . . . . . . . . . Crushed 3 | . . . . . . . . . . . . . . . . . . . . . 1 2 . . . . . Highest Temperature 492 | . 191 90 143 . 182 309 169 130 212 150 278 143 . 330 264 188 82 131 342 73 492 372 215 223 1 239 79 Average Temperature 67 | . 33 27 72 . 81 95 54 62 79 61 100 55 . 143 80 35 12 65 158 14 84 38 87 100 1 56 46 Received Heat Transfer 3593 | . 90 477 36 . 472 542 39 12 9 54 . . . 33 238 202 156 27 144 147 105 374 46 249 9 39 93 Effects 30 | . . . . . . . . . . . 3 . . . . . . . . . 22 3 . . . 2 . Shutdowns 7 | . . . . . . . . . . . . . . . . . . . . . 6 1 . . . . . Energy Bleed 5 | . . . . . . . . . . . . . . . . . . . . . 4 1 . . . . . Interference 16 | . . . . . . . . . . . 3 . . . . . . . . . 11 . . . . 2 . Matter Decay 2 | . . . . . . . . . . . . . . . . . . . . . 1 1 . . . . . Siege Activations 1 | . . . . . . . . . . . . . . . . . . . . 1 . . . . . . . Total Turns 5 | . . . . . . . . . . . . . . . . . . . . 5 . . . . . . . Longest Duration 5 | . . . . . . . . . . . . . . . . . . . . 5 . . . . . . . Martial Activations . | . . . . . . . . . . . . . . . . . . . . . . . . . . . . Shielding Activations . | . . . . . . . . . . . . . . . . . . . . . . . . . . . . Robots Disrupted 14 | . . . . . 1 1 1 . . . . 1 . . . . . . . . 1 2 . 1 . 2 4 Combat Hostiles 11 | . . . . . 1 1 . . . . . . . . . . . . . . 1 2 . 1 . 1 4 Robots Corrupted 7 | . . . . . 2 . . . . . . . . . . . . . . . . . . 3 . 1 1 Combat Hostiles 7 | . . . . . 2 . . . . . . . . . . . . . . . . . . 3 . 1 1 Parts Fried 16 | . . . . . 5 . . . . . . . . . . . 1 . . . . 1 . 2 . . 7 Impact Corruptions . | . . . . . . . . . . . . . . . . . . . . . . . . . . . . Robots Melted . | . . . . . . . . . . . . . . . . . . . . . . . . . . . . Combat Hostiles . | . . . . . . . . . . . . . . . . . . . . . . . . . . . . Parts Melted 6 | . . 4 . . . . . . . . . . . . . . . . . . 1 1 . . . . . Heat Transferred 723 | . 100 296 . . . . . . . . . 50 . . . . . 148 . . . 74 37 . . 18 . Parts Sabotaged . | . . . . . . . . . . . . . . . . . . . . . . . . . . . . Parts Stolen . | . . . . . . . . . . . . . . . . . . . . . . . . . . . . Parts Stripped 221 | . . . . . . . . . . . . . . . 4 8 17 . . 9 37 31 . 22 . 8 85 Power Chain Reactions 4 | . 2 . . . . . . . . . . . . . . . . . . . . . . . . 2 . Alert | -11 -10 -10 -8 -8 -6 -6 -6 -6 -6 -5 -5 -5 -5 -4 -4 -4 -4 -4 -4 -3 -3 -2 -2 -2 -1 -1 -1 ------- Run | Yrd Mat Sub Rec Scr Fac Gar Fac Low Low Fac Upp Upp Zhi Pro Fac Ext Cet Arc Hub Res Tes Res Qua Frg Acc Com Ac0 Maximum Alert Level 3 | . . . . . 1 3 1 . . . . . . . . 3 2 2 3 2 1 2 1 2 2 1 . Low Security (%) 54 | 100 100 . 100 . 92 13 . . . 100 . . . . 100 31 . 3 38 79 82 26 73 30 . 5 . Level 1 33 | . . . . . 7 44 100 . . . . . . . . 22 . 65 11 13 17 50 26 36 97 94 . Level 2 9 | . . . . . . 36 . . . . . . . . . 24 100 30 18 7 . 23 . 32 2 . . Level 3 1 | . . . . . . 4 . . . . . . . . . 22 . . 31 . . . . . . . . Level 4 . | . . . . . . . . . . . . . . . . . . . . . . . . . . . . Level 5 . | . . . . . . . . . . . . . . . . . . . . . . . . . . . . High Security . | . . . . . . . . . . . . . . . . . . . . . . . . . . . . Max Security . | . . . . . . . . . . . . . . . . . . . . . . . . . . . . Peak Influence 930 | . 165 . 38 . 279 754 395 . . 152 . . . . 178 930 562 411 799 424 338 699 394 624 404 248 . Initial 463 | . . . 38 . . 176 395 . . . . . . . 6 67 463 189 112 409 7 186 306 110 372 147 . Average 204 | . 94 . 5 . 55 417 260 . . 64 . . . . 72 416 497 361 403 87 147 313 156 321 316 215 . Influence Increases 12127 | . 395 150 41 . 661 688 279 110 25 548 . . . 140 468 1537 269 292 949 156 1093 1365 923 1147 214 442 235 Destroy 0b10 Robot/C 5980 | . 240 120 20 . 400 460 60 100 20 200 . . . 40 240 640 160 80 320 60 640 820 440 680 60 180 . Destroy 0b10 Robot/NC 495 | . 30 . . . 55 . 40 . 5 15 . . . . 5 50 10 45 40 20 35 35 45 25 15 25 . Destroy Leader 932 | . 48 . . . 86 30 32 10 . 52 . . . 10 60 64 . . 76 14 104 132 86 82 4 42 . Allied During Kill 942 | . . . . . . . . . . . . . . . . 347 93 125 371 . . . . . . 6 . Successful Hack 526 | . 7 . 21 . 7 14 32 . . 95 . . . . 16 28 . . 12 32 21 . 139 102 . . . Select Force Hacks 50 | . . . . . . . . . . . . . . . . . . . 50 . . . . . . . . Disable Machine 1080 | . . . . . 15 . 30 . . 15 . . . . . 180 . 30 . 30 120 90 75 195 15 90 195 Anti-Garrison Action 50 | . . . . . . 50 . . . . . . . . . . . . . . . . . . . . . Destroy Structure 1157 | . 25 . . . 38 89 25 . . 36 . . . . 42 138 6 12 50 . 128 243 123 18 105 69 10 Partial Spotted 180 | . . . . . . . 45 . . 30 . . . . 15 15 . . . . 15 . . 30 . . 30 Lose Combat Pursuer 735 | . 45 30 . . 60 45 15 . . 105 . . . 90 90 75 . . 30 . 30 45 15 15 15 30 . Influence Decreases 11992 | . 292 173 121 . 409 186 773 227 168 404 144 . . 130 340 847 623 445 489 923 775 1151 1273 722 605 373 399 Entered New Map 3123 | . . 51 42 . . 76 359 97 28 . 54 . . . 4 71 365 285 209 372 7 146 240 86 249 83 299 Time Decay 6086 | . 282 82 79 . 281 . 254 130 140 384 90 . . 130 300 416 198 160 180 231 608 595 584 446 356 160 . Lost Part 612 | . 10 40 . . 86 110 . . . 10 . . . . 36 100 20 . . 20 10 20 . 40 . 30 80 Lost Ally 540 | . . . . . . . 10 . . 10 . . . . . 260 40 . 100 . . . . . . 100 20 Purge Threat 1631 | . . . . . 42 . 150 . . . . . . . . . . . . 300 150 390 449 150 . . . Squads Dispatched 75 | . 1 . . . 7 . 8 . . 10 . . . . 7 3 . . 4 4 10 5 6 6 3 1 . Investigation 30 | . 1 . . . 4 . 7 . . 7 . . . . 6 . . . 1 2 . 2 . . . . . Extermination 27 | . . . . . 2 . 1 . . 2 . . . . 1 . . . . . 6 3 6 3 2 1 . Reinforcement 12 | . . . . . 1 . . . . 1 . . . . . . . . 2 2 4 . . 1 1 . . Assault 6 | . . . . . . . . . . . . . . . . 3 . . 1 . . . . 2 . . . Garrison . | . . . . . . . . . . . . . . . . . . . . . . . . . . . . Intercept . | . . . . . . . . . . . . . . . . . . . . . . . . . . . . Searches Triggered . | . . . . . . . . . . . . . . . . . . . . . . . . . . . . Construction Impeded 1 | . . . . . . . . . . . . . . . . . . . . . 1 . . . . . . Haulers Reinforced 3 | . . . . . 1 . . . . . . . . . . . . . . . 1 . . . 1 . . Active Scanning Responses . | . . . . . . . . . . . . . . . . . . . . . . . . . . . . Cargo Convoy Interrupts . | . . . . . . . . . . . . . . . . . . . . . . . . . . . . Stealth | -11 -10 -10 -8 -8 -6 -6 -6 -6 -6 -5 -5 -5 -5 -4 -4 -4 -4 -4 -4 -3 -3 -2 -2 -2 -1 -1 -1 --------- Run | Yrd Mat Sub Rec Scr Fac Gar Fac Low Low Fac Upp Upp Zhi Pro Fac Ext Cet Arc Hub Res Tes Res Qua Frg Acc Com Ac0 Distress Signals 32 | . 1 . . . 1 . 1 . . 1 . . . . 1 1 1 . 1 4 1 . . 1 . 18 . Communications Jammed 169 | . . . . . 4 . . . . . . . . . 7 52 38 . 7 . 19 25 . 12 4 1 . Distress Signals 161 | . . . . . 1 . . . . . . . . . 2 52 38 . 7 . 19 25 . 12 4 1 . Times Spotted 529 | . 21 15 1 . 36 25 14 5 2 25 . . . 9 29 45 10 9 19 15 46 48 35 38 8 14 60 Peak Tracking Total 14 | . 5 6 1 . 7 8 9 3 1 5 . . . 5 7 14 5 2 6 3 7 7 5 5 5 4 5 Tactical Retreats 31 | . 1 1 . . 2 3 1 . . 4 . . . 3 3 3 . . 1 . 2 3 1 1 1 1 . Traps | -11 -10 -10 -8 -8 -6 -6 -6 -6 -6 -5 -5 -5 -5 -4 -4 -4 -4 -4 -4 -3 -3 -2 -2 -2 -1 -1 -1 ------- Run | Yrd Mat Sub Rec Scr Fac Gar Fac Low Low Fac Upp Upp Zhi Pro Fac Ext Cet Arc Hub Res Tes Res Qua Frg Acc Com Ac0 Traps Triggered 49 | . 1 2 . . 4 6 1 . . 1 . . . . 2 6 . . 1 . 1 1 . 15 1 7 . Indirectly . | . . . . . . . . . . . . . . . . . . . . . . . . . . . . Trap Hack Attempts . | . . . . . . . . . . . . . . . . . . . . . . . . . . . . Triggered . | . . . . . . . . . . . . . . . . . . . . . . . . . . . . Disarmed . | . . . . . . . . . . . . . . . . . . . . . . . . . . . . Reprogrammed . | . . . . . . . . . . . . . . . . . . . . . . . . . . . . Reused . | . . . . . . . . . . . . . . . . . . . . . . . . . . . . Traps Extracted . | . . . . . . . . . . . . . . . . . . . . . . . . . . . . Installed . | . . . . . . . . . . . . . . . . . . . . . . . . . . . . Triggered . | . . . . . . . . . . . . . . . . . . . . . . . . . . . . Machines | -11 -10 -10 -8 -8 -6 -6 -6 -6 -6 -5 -5 -5 -5 -4 -4 -4 -4 -4 -4 -3 -3 -2 -2 -2 -1 -1 -1 ---------- Run | Yrd Mat Sub Rec Scr Fac Gar Fac Low Low Fac Upp Upp Zhi Pro Fac Ext Cet Arc Hub Res Tes Res Qua Frg Acc Com Ac0 Machines Disabled 81 | . . 4 . . 1 1 2 . . 1 1 . . . . 12 . 2 . 2 9 6 5 15 1 6 13 Max in Single Turn 4 | . . 1 . . 1 1 1 . . 1 1 . . . . 1 . 1 . 1 4 1 1 1 1 1 1 Garrison Access 15 | . . . . . . . . . . 1 . . . . 2 . . . 2 1 1 4 1 1 2 . . Garrison Relay 1 | . . . . . . 1 . . . . . . . . . . . . . . . . . . . . . Network Hub 1 | . . . . . . . . . . . . . . . . . . . 1 . . . . . . . . Machines Repaired . | . . . . . . . . . . . . . . . . . . . . . . . . . . . . Machines Dismantled . | . . . . . . . . . . . . . . . . . . . . . . . . . . . . Machines Sabotaged 1 | . . . . . . . . . . . . . . . . . . . 1 . . . . . . . . Overloaded Fab Kills . | . . . . . . . . . . . . . . . . . . . . . . . . . . . . Hacking | -11 -10 -10 -8 -8 -6 -6 -6 -6 -6 -5 -5 -5 -5 -4 -4 -4 -4 -4 -4 -3 -3 -2 -2 -2 -1 -1 -1 --------- Run | Yrd Mat Sub Rec Scr Fac Gar Fac Low Low Fac Upp Upp Zhi Pro Fac Ext Cet Arc Hub Res Tes Res Qua Frg Acc Com Ac0 Machines Accessed 138 | . 2 . 2 2 11 1 12 1 . 21 2 . 4 . 12 7 . . 4 5 8 12 12 8 5 5 2 Terminals 71 | . 2 . 2 . 5 1 6 . . 8 1 . . . 2 7 . . 2 2 4 5 9 7 3 5 . Fabricators 4 | . . . . . 1 . . . . 1 . . . . 1 . . . . . 1 . . . . . . Repair Stations 9 | . . . . . . . . . . 3 . . . . 2 . . . . 1 1 1 1 . . . . Recycling Units 23 | . . . . . 4 . 6 . . 6 . . . . 5 . . . . 1 . 1 . . . . . Scanalyzers 5 | . . . . . . . . . . 2 . . . . . . . . . . 1 1 1 . . . . Garrison Access 16 | . . . . . 1 . . . . 1 . . . . 2 . . . 2 1 1 4 1 1 2 . . Total Hacks 343 | . 7 . 3 3 20 2 31 1 . 42 3 . 17 . 23 10 . . 6 19 16 42 43 23 7 6 19 Successful 198 | . 1 . 2 3 13 1 11 1 . 21 3 . 17 . 12 3 . . 4 13 8 27 20 12 5 2 19 Failed 145 | . 6 . 1 . 7 1 20 . . 21 . . . . 11 7 . . 2 6 8 15 23 11 2 4 . Catastrophic 25 | . 1 . . . 2 . 4 . . 1 . . . . 1 3 . . 2 . 3 2 2 2 . 2 . Database Lockouts . | . . . . . . . . . . . . . . . . . . . . . . . . . . . . Manual 168 | . 4 . 2 . 9 1 24 . . 15 . . . . 13 4 1 . 4 13 4 27 29 15 . 3 . Terminals 196 | . 7 . 3 . 14 2 20 . . 15 2 . . . 3 10 . . 4 12 9 28 34 22 5 6 . Fabricators 5 | . . . . . 1 . . . . 2 . . . . 1 . . . . . 1 . . . . . . Repair Stations 28 | . . . . . . . . . . 7 . . . . 7 . . . . 2 3 3 6 . . . . Recycling Units 40 | . . . . . 4 . 11 . . 10 . . . . 10 . . . . 3 . 2 . . . . . Scanalyzers 10 | . . . . . . . . . . 6 . . . . . . . . . . 1 2 1 . . . . Garrison Access 23 | . . . . . 1 . . . . 2 . . . . 2 . . . 2 2 2 7 2 1 2 . . Terminal Hacks 96 | . 1 . 2 3 5 1 3 1 . 5 3 . 17 . . 2 . . . 6 2 11 6 4 3 2 19 Record 26 | . . . . 1 . . . . . . 2 . 5 . . . . . . . . . . 1 . . 17 Part Schematic 7 | . 1 . 1 . . . . . . . . . 4 . . . . . . 1 . . . . . . . Robot Analysis 5 | . . . . . . . . . . . . . 4 . . . . . . . . . . . . 1 . Prototype ID Bank 8 | . . . . . 1 . . . . 1 . . 4 . . 1 . . . . . 1 . . . . . Open Door 8 | . . . . 1 . . . 1 . . 1 . . . . . . . . . 1 . . . 3 1 . Branch Access Points 5 | . . . . . 1 . 1 . . 1 . . . . . . . . . 1 . 1 . . . . . Emergency Access Points 2 | . . . . . . 1 . . . . . . . . . . . . . . . 1 . . . . . Terminal Index 2 | . . . . . . . . . . 1 . . . . . . . . . . . 1 . . . . . Recycling Unit Index 1 | . . . . . . . . . . . . . . . . . . . . . . 1 . . . . . Unreport Threat 12 | . . . . . 1 . 1 . . . . . . . . . . . . 2 1 3 3 1 . . . Locate Traps 6 | . . . . . 1 . . . . 2 . . . . . 1 . . . . . 1 1 . . . . Maintenance Status 2 | . . . . . . . . . . . . . . . . . . . . 1 . 1 . . . . . Hauler Manifests 3 | . . . . . 1 . 1 . . . . . . . . . . . . . . 1 . . . . . Zone Layout 5 | . . . 1 . . . . . . . . . . . . . . . . 1 . . 2 1 . . . Proto ID Catalog 2 | . . . . 1 . . . . . . . . . . . . . . . . . . . 1 . . . Gate Test 138-A 1 | . . . . . . . . . . . . . . . . . . . . . . . . . . . 1 Gate Test 138-B 1 | . . . . . . . . . . . . . . . . . . . . . . . . . . . 1 Fabricator Hacks 4 | . . . . . 1 . . . . 1 . . . . 1 . . . . . 1 . . . . . . Network Status 4 | . . . . . 1 . . . . 1 . . . . 1 . . . . . 1 . . . . . . Repair Station Hacks 14 | . . . . . . . . . . 4 . . . . 5 . . . . 2 1 . 2 . . . . Scan Component 9 | . . . . . . . . . . 3 . . . . 3 . . . . 1 1 . 1 . . . . Repair 5 | . . . . . . . . . . 1 . . . . 2 . . . . 1 . . 1 . . . . Recycling Unit Hacks 1 | . . . . . . . . . . . . . . . . . . . . 1 . . . . . . . Retrieve Components 1 | . . . . . . . . . . . . . . . . . . . . 1 . . . . . . . Scanalyzer 4 | . . . . . . . . . . 2 . . . . . . . . . . . 2 . . . . . Insert Component 3 | . . . . . . . . . . 2 . . . . . . . . . . . 1 . . . . . Analyze 1 | . . . . . . . . . . . . . . . . . . . . . . 1 . . . . . Garrison Access Hacks 23 | . . . . . 1 . . . . 2 . . . . 2 . . . 2 2 2 7 2 1 2 . . Unlock Access 1 | . . . . . 1 . . . . . . . . . . . . . . . . . . . . . . Seal Access 15 | . . . . . . . . . . 1 . . . . 2 . . . 2 1 1 4 1 1 2 . . Coupler Status 7 | . . . . . . . . . . 1 . . . . . . . . . 1 1 3 1 . . . . Unauthorized Hacks 56 | . . . . . 6 . 8 . . 7 . . . . 4 1 . . 2 2 2 7 10 7 . . . Terminals 32 | . . . . . 2 . 3 . . 1 . . . . . 1 . . 2 1 1 5 9 7 . . . Track 5 | . . . . . . . . . . . . . . . . . . . . . . 1 . 4 . . . Assimilate 4 | . . . . . . . 1 . . 1 . . . . . . . . . . . . 2 . . . . Botnet 13 | . . . . . 2 . 1 . . . . . . . . . . . 1 1 1 3 2 2 . . . Disrupt 1 | . . . . . . . . . . . . . . . . . . . . . . . . 1 . . . Operators 1 | . . . . . . . . . . . . . . . . . . . . . . 1 . . . . . Skim 7 | . . . . . . . 1 . . . . . . . . 1 . . . . . . 5 . . . . Sabotage 1 | . . . . . . . . . . . . . . . . . . . 1 . . . . . . . . Fabricators . | . . . . . . . . . . . . . . . . . . . . . . . . . . . . Repair Stations 1 | . . . . . . . . . . . . . . . . . . . . . . 1 . . . . . Patch 1 | . . . . . . . . . . . . . . . . . . . . . . 1 . . . . . Recycling Units 21 | . . . . . 4 . 5 . . 6 . . . . 4 . . . . 1 . 1 . . . . . Fedlink 21 | . . . . . 4 . 5 . . 6 . . . . 4 . . . . 1 . 1 . . . . . Scanalyzers 2 | . . . . . . . . . . . . . . . . . . . . . 1 . 1 . . . . Researchers 2 | . . . . . . . . . . . . . . . . . . . . . 1 . 1 . . . . Garrison Access . | . . . . . . . . . . . . . . . . . . . . . . . . . . . . Data Cores Recovered 2 | . . . . . . . . . . 1 . . . . . . . . . . . . 1 . . . . Used 1 | . . . . . . . . . . 1 . . . . . . . . . . . . . . . . . Hacking Detections 75 | . 2 . 1 . 4 . 8 . . 14 . . . . 5 7 . . 1 5 4 3 10 6 1 4 . Full Trace Events 5 | . 1 . . . . . 1 . . 1 . . . . 2 . . . . . . . . . . . . Feedback Events 1 | . . . . . . . . . . . . . . . 1 . . . . . . . . . . . . Corruption 1 | . . . . . . . . . . . . . . . 1 . . . . . . . . . . . . Feedback Blocked . | . . . . . . . . . . . . . . . . . . . . . . . . . . . . Robot Schematics Acquired 4 | . . . . . . . . . . . . . . . . . . . . . . . . 4 . . . Robots Built . | . . . . . . . . . . . . . . . . . . . . . . . . . . . . Authchips . | . . . . . . . . . . . . . . . . . . . . . . . . . . . . Time . | . . . . . . . . . . . . . . . . . . . . . . . . . . . . Total Robot Build Rating . | . . . . . . . . . . . . . . . . . . . . . . . . . . . . Part Schematics Acquired 16 | . 1 . 1 . . . . . . . . . 4 . . . . . . 1 2 1 . 6 . . . Parts Built . | . . . . . . . . . . . . . . . . . . . . . . . . . . . . Authchips . | . . . . . . . . . . . . . . . . . . . . . . . . . . . . Time . | . . . . . . . . . . . . . . . . . . . . . . . . . . . . Total Part Build Rating . | . . . . . . . . . . . . . . . . . . . . . . . . . . . . Parts Repaired 5 | . . . . . . . . . . 1 . . . . 2 . . . . 1 . . 1 . . . . Time 237 | . . . . . . . . . . 50 . . . . 120 . . . . 20 . . 47 . . . . Parts Recycled . | . . . . . . . . . . . . . . . . . . . . . . . . . . . . Recycled Matter . | . . . . . . . . . . . . . . . . . . . . . . . . . . . . Retrieved Matter . | . . . . . . . . . . . . . . . . . . . . . . . . . . . . Retrieved Components 10 | . . . . . . . . . . . . . . . . . . . . 10 . . . . . . . Parts Scanalyzed 2 | . . . . . . . . . . 1 . . . . . . . . . . . 1 . . . . . Part Schematics Acquired 1 | . . . . . . . . . . . . . . . . . . . . . . 1 . . . . . Parts Damaged 3 | . . . . . . . . . . 2 . . . . . . . . . . . 1 . . . . . Bothacking | -11 -10 -10 -8 -8 -6 -6 -6 -6 -6 -5 -5 -5 -5 -4 -4 -4 -4 -4 -4 -3 -3 -2 -2 -2 -1 -1 -1 ------------ Run | Yrd Mat Sub Rec Scr Fac Gar Fac Low Low Fac Upp Upp Zhi Pro Fac Ext Cet Arc Hub Res Tes Res Qua Frg Acc Com Ac0 Used RIF Installer 1 | . . . . . . 1 . . . . . . . . . . . . . . . . . . . . . Robots Hacked . | . . . . . . . . . . . . . . . . . . . . . . . . . . . . Non-combat . | . . . . . . . . . . . . . . . . . . . . . . . . . . . . Combat . | . . . . . . . . . . . . . . . . . . . . . . . . . . . . Robot Hacks Applied . | . . . . . . . . . . . . . . . . . . . . . . . . . . . . Relay Couplers Released 6 | . . . . . . 4 . . . . . . . . . . . . . . . . 2 . . . . Machine Destruction 6 | . . . . . . 4 . . . . . . . . . . . . . . . . 2 . . . . Fabnet Peak Effective % . | . . . . . . . . . . . . . . . . . . . . . . . . . . . . Robots Rewired 6 | . . . . . . . . . . . . . . . . 6 . . . . . . . . . . . Allies Hacked . | . . . . . . . . . . . . . . . . . . . . . . . . . . . . Hacks Repelled . | . . . . . . . . . . . . . . . . . . . . . . . . . . . . Allies | -11 -10 -10 -8 -8 -6 -6 -6 -6 -6 -5 -5 -5 -5 -4 -4 -4 -4 -4 -4 -3 -3 -2 -2 -2 -1 -1 -1 -------- Run | Yrd Mat Sub Rec Scr Fac Gar Fac Low Low Fac Upp Upp Zhi Pro Fac Ext Cet Arc Hub Res Tes Res Qua Frg Acc Com Ac0 Total Allies 28 | . . . . . . . 1 . . 1 . . . . . 21 5 . . . . . . . . . . Largest Group 10 | . . . . . . . 1 . . . . . . . . 10 8 7 5 . . . . . . . . Highest-Rated Group 691 | . . . . . . . 26 . . . . . . . . 535 691 538 480 . . . . . . . . Highest-Rated Ally 159 | . . . . . . . 26 . . . . . . . . 159 159 96 96 . . . . . . . . Total Orders 17 | . . . . . . . . . . . . . . . . . 2 2 . . . . . . . 10 3 ROAM 1 | . . . . . . . . . . . . . . . . . . . . . . . . . . . 1 FOLLOW 6 | . . . . . . . . . . . . . . . . . 2 2 . . . . . . . 2 . EXPLORE 1 | . . . . . . . . . . . . . . . . . . . . . . . . . . . 1 RETURN 9 | . . . . . . . . . . . . . . . . . . . . . . . . . . 8 1 Ally Attacks 352 | . . . . . . . . . . . . . . . . 147 36 20 89 . . . . . . 38 22 Total Damage 13222 | . . . . . . . . . . . . . . . . 4071 923 774 3196 . . . . . . 2605 1653 Kills 45 | . . . . . . . . . . . . . . . . 21 4 3 14 . . . . . . . 3 Allies Corrupted 1 | . . . . . . . . . . . . . . . . . . . . . . . . . . 1 . Allies Melted 1 | . . . . . . . . . . . . . . . . 1 . . . . . . . . . . . Intel | -11 -10 -10 -8 -8 -6 -6 -6 -6 -6 -5 -5 -5 -5 -4 -4 -4 -4 -4 -4 -3 -3 -2 -2 -2 -1 -1 -1 ------- Run | Yrd Mat Sub Rec Scr Fac Gar Fac Low Low Fac Upp Upp Zhi Pro Fac Ext Cet Arc Hub Res Tes Res Qua Frg Acc Com Ac0 Active Infowar (turns) 19188 | . . . . . 1513 610 545 278 583 1303 428 132 106 321 865 1004 418 331 360 829 2652 1920 2220 372 802 1596 . Optics 12330 | . . . . . . 484 545 278 583 1303 416 132 106 321 865 1004 418 331 360 829 2636 1626 93 . . . . Sensors 5387 | . . . . . 816 . 347 278 548 1207 428 132 106 290 736 499 . . . . . . . . . . . Machine Analysis 1639 | . . . . . 1513 126 . . . . . . . . . . . . . . . . . . . . . Cloaking 2097 | . . . . . . . . . . . . . . . . . . . . . . . . 30 745 1322 . Jamming 12741 | . . . . . 689 . . . . . . . . . 864 1004 418 37 305 651 2609 1853 2220 340 799 952 . ECM 2 | . . . . . . . . . . . . . . . . . . . . . . . . 2 . . . Robot Analysis Total 5 | . . . . . . . . . . . . . 4 . . . . . . . . . . . . 1 . Derelict Logs Recovered 8 | . . 1 . . . . . 2 2 . 2 . . 1 . . . . . . . . . . . . . Drone Launches 16 | . . . . . . . . . . . . . . . . . . . . . . . . . . 10 6 Drone Recoveries 10 | . . . . . . . . . . . . . . . . . . . . . . . . . . 5 5 Exploration | -11 -10 -10 -8 -8 -6 -6 -6 -6 -6 -5 -5 -5 -5 -4 -4 -4 -4 -4 -4 -3 -3 -2 -2 -2 -1 -1 -1 ------------- Run | Yrd Mat Sub Rec Scr Fac Gar Fac Low Low Fac Upp Upp Zhi Pro Fac Ext Cet Arc Hub Res Tes Res Qua Frg Acc Com Ac0 Turns Passed 26735 | 66 672 1084 509 2498 1515 714 545 278 583 1303 428 132 106 321 865 1004 418 331 360 829 2663 1920 2258 1117 802 2075 1339 Spaces Moved 25889 | 45 354 562 310 1523 1029 572 1068 653 1267 1727 927 247 167 654 1079 1104 210 180 168 431 1129 848 1220 1586 1001 3055 2773 Core 13 | 13 . . . . . . . . . . . . . . . . . . . . . . . . . . . Treads 6944 | 32 354 562 310 1523 18 105 . . . . . . . . . . 172 180 168 431 1129 848 1112 . . . . Legs . | . . . . . . . . . . . . . . . . . . . . . . . . . . . . Wheels 1167 | . . . . . 1011 156 . . . . . . . . . . . . . . . . . . . . . Hover 17765 | . . . . . . 311 1068 653 1267 1727 927 247 167 654 1079 1104 38 . . . . . 108 1586 1001 3055 2773 Flight . | . . . . . . . . . . . . . . . . . . . . . . . . . . . . Fastest Speed 16 | 50 160 160 160 160 90 38 36 36 36 16 42 42 42 16 25 41 42 160 160 155 150 157 37 33 33 33 33 Average Speed 73 | 128 160 160 160 161 96 80 36 36 36 42 42 42 43 39 49 45 138 160 160 159 155 157 151 39 33 33 33 Slowest Speed 240 | 160 160 240 160 240 240 240 38 36 36 146 42 42 100 42 116 47 160 160 160 160 160 161 166 47 33 96 93 Overloaded Moves 107 | . . . . . . . . . . 11 . . . 19 15 . . . . . . . 24 38 . . . Propulsion Burnouts . | . . . . . . . . . . . . . . . . . . . . . . . . . . . . Robots Hopped . | . . . . . . . . . . . . . . . . . . . . . . . . . . . . Potential Cave-ins 19 | . . . . . 4 . . . 4 . 2 . . . 3 . . . 3 . . . 3 . . . . Cave-ins Triggered . | . . . . . . . . . . . . . . . . . . . . . . . . . . . . Teleports 4 | . . . . . . . . . . . . . . . . . . . . . 1 . . 1 . 1 1 Exploration Rate (%) 57 | 4 61 42 42 91 27 49 34 70 97 45 93 64 61 80 24 82 57 98 26 15 92 31 92 34 24 67 97 Regions Visited 27 Branch Regions 18 Pre-discovered Areas 8 | . . . . . 1 . . . 1 . 2 . 3 . . . . . . . . . 1 . . . . Known Exits Taken 17 | . . . . . 1 . 1 1 1 1 1 1 1 1 1 1 1 1 1 1 . 1 1 . . . . Unknown Exits Taken 9 | 1 1 1 1 1 . . . . . . . . . . . . . . . . 1 . . 1 1 1 . Scrap Searched 20 | . . 3 . 5 . . . 2 4 . 3 1 . 2 . . . . . . . . . . . . . Spaces Dug 262 | . . 7 . . 12 5 22 3 9 17 1 2 . 1 19 15 . . 3 . 29 37 27 4 31 17 1 Terrain Destroyed 748 | . 20 52 . . 53 76 26 32 24 20 5 3 . 5 24 100 . . 7 . 72 80 46 10 44 48 1 Melee 152 | . . . . . 5 5 4 . 1 4 . . . . 12 1 . . 2 . 25 35 17 3 26 11 1 Projectile 222 | . . . . . 17 . 22 9 23 16 5 3 . 5 12 . . . 5 . 11 10 29 7 18 30 . AOE 374 | . 20 52 . . 31 71 . 23 . . . . . . . 99 . . . . 36 35 . . . 7 . Terrain Rammed . | . . . . . . . . . . . . . . . . . . . . . . . . . . . . Walls Destroyed . | . . . . . . . . . . . . . . . . . . . . . . . . . . . . Machines Disabled . | . . . . . . . . . . . . . . . . . . . . . . . . . . . . Actions | -11 -10 -10 -8 -8 -6 -6 -6 -6 -6 -5 -5 -5 -5 -4 -4 -4 -4 -4 -4 -3 -3 -2 -2 -2 -1 -1 -1 --------- Run | Yrd Mat Sub Rec Scr Fac Gar Fac Low Low Fac Upp Upp Zhi Pro Fac Ext Cet Arc Hub Res Tes Res Qua Frg Acc Com Ac0 Total 32327 | 50 417 666 314 1557 1350 782 1185 682 1366 2253 959 267 200 713 1371 1551 314 208 231 545 1874 1223 1545 2005 1425 4065 3209 Wait 3180 | . 14 39 . . 66 43 23 17 59 331 25 15 . 31 148 240 13 . 21 39 465 121 101 118 363 767 121 Move 25860 | 44 353 561 309 1522 1028 571 1067 652 1266 1726 926 246 166 653 1078 1103 209 179 167 430 1128 847 1219 1585 1000 3053 2772 Hop . | . . . . . . . . . . . . . . . . . . . . . . . . . . . . Pick Up 270 | . 13 3 . 12 24 15 6 . . 30 1 . 4 3 8 14 7 1 2 13 26 17 12 34 2 16 7 Fast Attach 174 | 6 1 . . 4 8 7 7 . 3 8 . . 10 . 7 2 15 2 1 6 21 8 11 20 2 16 9 Attach 186 | . 1 7 . . 17 16 . . 2 14 . . 2 3 18 11 1 . . 5 9 12 25 17 2 13 11 Detach 139 | . . . . 4 10 5 1 . 1 9 . . . 3 12 2 6 . . 2 12 10 24 15 . 15 8 Swap 227 | . 6 4 . 6 10 5 13 2 4 22 . . 4 3 19 7 6 3 2 5 21 25 15 29 2 9 5 Drop 306 | . 5 4 . 9 16 15 8 . 2 28 1 . 14 3 7 4 26 3 3 13 46 18 21 31 2 20 7 Fire 429 | . 24 48 5 . 48 9 22 11 23 16 6 4 . 5 12 9 9 5 5 6 21 21 32 22 18 44 4 Melee 1361 | . . . . . 107 69 38 . 6 69 . 2 . 9 62 87 22 15 28 26 110 140 85 110 34 77 265 Ram . | . . . . . . . . . . . . . . . . . . . . . . . . . . . . Kick . | . . . . . . . . . . . . . . . . . . . . . . . . . . . . Crush 9 | . . . . . . . . . . . . . . . . . . . 2 . 3 4 . . . . . Escape Stasis 134 | . . . . . 16 27 . . . . . . . . . 35 . . . . . . . 24 . 32 . Rewire 52 | . . . . . . . . . . . . . . . . 37 . . . . 12 . . . . 3 . Trap . | . . . . . . . . . . . . . . . . . . . . . . . . . . . . Miscellaneous . | . . . . . . . . . . . . . . . . . . . . . . . . . . . . Route ------- -11/Scrapyard -10/Materials (discovered 3 exits: [*Mat] / [*Min] / [*Sub]) -10/Subcaves (discovered 2 exits: [*Mat] / *Rec) -8/Recycling -8/Scraptown (discovered 2 exits: *Fac x2) -6/Factory (discovered 3 exits: *Low x2 / Gar) -6/Garrison (discovered 2 exits: *Fac x2) -6/Factory (discovered 3 exits: *Fac / *Low x2) -6/Lower Caves -6/Lower Caves (discovered 2 exits: *Fac / [*Zio]) -5/Factory (discovered 5 exits: *Fac x3 / *Upp x2) -5/Upper Caves -5/Upper Caves -5/Zhirov -4/Proximity Caves -4/Factory (discovered 2 exits: *Res / *Ext) -4/Extension (discovered 2 exits: *Res / *Cet) -4/Cetus (discovered 2 exits: *Res / *Arc) -4/Archives (discovered 3 exits: *Res / *Hub x2) -4/Hub_04(d) -3/Research (discovered 3 exits: Arm / *Tes x2) -3/Testing -2/Research (discovered 3 exits: *Acc / *Qua x2) -2/Quarantine (discovered 3 exits: *Acc / [*Sec] / *Frg) -2/Protoforge -1/Access -1/Command (discovered 3 exits: [*Sur x2] / *Ac0) -1/Access_0 0b11 Command History --------- Turn | Location | Event 7 | -11/Scrapyard | Discovered new exit (range 15) 67 | -11/Scrapyard | Entered Materials 185 | -10/Materials | Discovered new exit (range 13) 308 | -10/Materials | Build established: Mutant 413 | -10/Materials | Discovered new exit (range 6) 459 | -10/Materials | Discovered new exit (range 16) 739 | -10/Materials | Entered Subcaves 921 | -10/Subcaves | Visited 4L-MR0's lab 941 | -10/Subcaves | Found Prototype Energy Cannon 1198 | -10/Subcaves | Shifting Twisted Machinery released Mak. Light Armor Plating 1263 | -10/Subcaves | Shifting Twisted Machinery released Riot Gun 1591 | -10/Subcaves | Discovered new exit (range 8) 1721 | -10/Subcaves | Core integrity fell below 50% 1731 | -10/Subcaves | Ambushed by Subdweller buried in earth 1731 | -10/Subcaves | Ambushed by Subdweller buried in earth 1733 | -10/Subcaves | Ambushed by Subdweller buried in earth 1759 | -10/Subcaves | Discovered new exit (range 16) 1767 | -10/Subcaves | Destroyed 7 combat bots 1810 | -10/Subcaves | Lost 5 parts (2n3w) 1823 | -10/Subcaves | Entered Recycling 1857 | -8/Recycling | Scanned before Scraplab entrance 2316 | -8/Recycling | Entered Scraplab 2329 | -8/Recycling | Discovered new exit (range 2) 2332 | -8/Recycling | Entered Scraptown 2332 | -8/Scraptown | System corruption cleaned by C-Scrubber 2693 | -8/Scraptown | Discovered new exit (range 5) 2811 | -8/Scraptown | Visited Fellowship of the Rings 2838 | -8/Scraptown | Visited Comm Corps 2897 | -8/Scraptown | Visited TADAMA 2953 | -8/Scraptown | Visited Cyclists 3246 | -8/Scraptown | Visited Awakened 3345 | -8/Scraptown | Visited Spacefarers 3497 | -8/Scraptown | Visited Cave Peace 3553 | -8/Scraptown | Visited UFD Registry 3576 | -8/Scraptown | Registered with UFD as "Phasedome" 3611 | -8/Scraptown | Visited Curators Association 3661 | -8/Scraptown | Visited Research Penetration Think Tank 3697 | -8/Scraptown | Visited Sword Containment 3970 | -8/Scraptown | Visited Junk Repository 4059 | -8/Scraptown | Visited Infowarlord's Domain 4104 | -8/Scraptown | Visited Scrap Suit Storage 4127 | -8/Scraptown | Visited Modified Component R&D 4273 | -8/Scraptown | Found Scrap Suit 4304 | -8/Scraptown | Visited Scrapoid Pod Storage 4331 | -8/Scraptown | Visited Observation Area 4400 | -8/Scraptown | Visited Science Guys 4747 | -8/Scraptown | Met Optimus 4747 | -8/Scraptown | Accepted into 0bPrime 4824 | -8/Scraptown | Discovered new exit (range 5) 4830 | -8/Scraptown | Entered Factory 4830 | -6/Factory | Evolved 8 slots: Propulsion x3, Utility x5 5058 | -6/Factory | Discovered new exit (range 16) 5166 | -6/Factory | Build established: Scrapper 5207 | -6/Factory | Loaded intel: 8 recycling unit locations 5510 | -6/Factory | Learned location of Protoforge (-2) 5608 | -6/Factory | Build established: Mutant 5698 | -6/Factory | Lost 6 parts (3n2u1w) 6000 | -6/Factory | Identified exit to Lower Caves 6340 | -6/Factory | Identified exit to Garrison 6345 | -6/Factory | Entered Garrison 6463 | -6/Garrison | Spotted B-75 Beast 6507 | -6/Garrison | Destroyed B-75 Beast 6537 | -6/Garrison | Lost 4 parts (1p1n2u) 6559 | -6/Garrison | Triggered checkpoint 6559 | -6/Garrison | Triggered checkpoint 6589 | -6/Garrison | Destroyed 7 combat bots 6645 | -6/Garrison | Core integrity fell below 50% 6648 | -6/Garrison | Lost 3 parts (1n2u) 6682 | -6/Garrison | Build established: Scavenger-Mutant 6875 | -6/Garrison | Triggered checkpoint 6896 | -6/Garrison | Discovered new exit (range 19) 6937 | -6/Garrison | Triggered checkpoint 6991 | -6/Garrison | Discovered new exit (range 10) 6996 | -6/Garrison | Installed Relay Interface Framework 7029 | -6/Garrison | Garrison Relay disabled 7059 | -6/Garrison | Entered Factory 7082 | -6/Factory | Loaded intel: 8 recycling unit locations 7146 | -6/Factory | Discovered new exit (range 9) 7178 | -6/Factory | Build established: Mutant 7604 | -6/Factory | Entered Lower Caves 7605 | -6/Lower Caves | Encountered a Warlord checkpoint 7671 | -6/Lower Caves | Learned 8 Factory zone layouts 7718 | -6/Lower Caves | Build established: Scout 7837 | -6/Lower Caves | Attracted the attention of an 0b10 checkpoint 7850 | -6/Lower Caves | Discovered new exit (range 20) 7881 | -6/Lower Caves | Identified exit to Lower Caves 7882 | -6/Lower Caves | Entered another Lower Caves area 7910 | -6/Lower Caves | Found Alien Artifact 7910 | -6/Lower Caves | Identified Core Expander 7910 | -6/Lower Caves | Installed Core Expander, added new Utility slot 8029 | -6/Lower Caves | Encountered a Warlord checkpoint 8029 | -6/Lower Caves | Learned location of 1 exit from Proximity Caves 8033 | -6/Lower Caves | Learned location of Zion (-6) 8042 | -6/Lower Caves | Discovered new exit (range 19) 8401 | -6/Lower Caves | Spotted B-75 Beast 8452 | -6/Lower Caves | Discovered new exit (range 7) 8454 | -6/Lower Caves | Identified exit to Factory 8465 | -6/Lower Caves | Entered Factory 8465 | -5/Factory | Evolved 2 slots: Propulsion x1, Utility x1 8555 | -5/Factory | Discovered new exit (range 7) 8557 | -5/Factory | Identified exit to Factory 8702 | -5/Factory | Identified exit to Upper Caves 9027 | -5/Factory | Loaded intel: 8 recycling unit locations 9093 | -5/Factory | Discovered exit to Factory (range 9) 9194 | -5/Factory | Repaired Cmb. Airjet 9347 | -5/Factory | Build established: Hacker-Scout 9685 | -5/Factory | Discovered exit to Factory (range 22) 9768 | -5/Factory | Entered Upper Caves 9897 | -5/Upper Caves | Learned location of Armory (-3) 9905 | -5/Upper Caves | Build established: Scout 10027 | -5/Upper Caves | Encountered a Warlord checkpoint 10089 | -5/Upper Caves | Found Alien Artifact 10180 | -5/Upper Caves | Discovered new exit (range 4) 10185 | -5/Upper Caves | Identified exit to Upper Caves 10196 | -5/Upper Caves | Entered another Upper Caves area 10317 | -5/Upper Caves | Discovered new exit (range 9) 10320 | -5/Upper Caves | Identified exit to Zhirov 10328 | -5/Upper Caves | Entered Zhirov 10329 | -5/Zhirov | Discovered new exit (range 3) 10337 | -5/Zhirov | Met Zhirov 10345 | -5/Zhirov | Learned location of Quarantine (-2) 10345 | -5/Zhirov | Learned location of Testing (-3) 10345 | -5/Zhirov | Learned location of Command (-1) 10349 | -5/Zhirov | Zhirov requested help retrieving the SGEMP Prototype 10363 | -5/Zhirov | Found Alien Artifact 10363 | -5/Zhirov | Identified Integrated Reactor 10363 | -5/Zhirov | Installed Integrated Reactor, increased core energy generation (+10) 10406 | -5/Zhirov | Found Alien Artifact 10433 | -5/Zhirov | Identified exit to Proximity Caves 10434 | -5/Zhirov | Entered Proximity Caves 10646 | -4/Proximity Caves | Spotted B-86 Titan 10720 | -4/Proximity Caves | Learned Research stockpile data 10755 | -4/Proximity Caves | Entered Factory 10755 | -4/Factory | Evolved 2 slots: Power x1, Utility x1 10756 | -4/Factory | Identified exit to Extension 10861 | -4/Factory | Repaired Cld. Aerolev Unit 11054 | -4/Factory | Loaded intel: 8 recycling unit locations 11057 | -4/Factory | Repaired Cld. Aerolev Unit 11180 | -4/Factory | Forged Quantum Companion 11334 | -4/Factory | Discovered new exit (range 12) 11620 | -4/Factory | Entered Extension 11739 | -4/Extension | Build established: Ninja 11760 | -4/Extension | Rescued a captive Derelict 11762 | -4/Extension | Rescued a captive Derelict 11782 | -4/Extension | Rescued a captive Derelict 11817 | -4/Extension | Rescued a captive Derelict 11819 | -4/Extension | Rescued a captive Derelict 11832 | -4/Extension | Rescued a captive Derelict 11889 | -4/Extension | Rescued a captive Derelict 11975 | -4/Extension | Lost 4 parts (2p2u) 11995 | -4/Extension | Disrupted transfer network 12108 | -4/Extension | Spotted B-86 Titan 12111 | -4/Extension | Spotted B-86 Titan 12124 | -4/Extension | Allies destroyed B-86 Titan 12163 | -4/Extension | Allies destroyed B-86 Titan 12184 | -4/Extension | Lost 3 parts (1p1n1u) 12190 | -4/Extension | Lost 3 allies 12201 | -4/Extension | Rescued a captive Derelict 12235 | -4/Extension | Rescued a captive Derelict 12236 | -4/Extension | Rescued a captive Derelict 12329 | -4/Extension | Lost 4 allies 12350 | -4/Extension | Rescued a captive Derelict 12352 | -4/Extension | Rescued a captive Derelict 12370 | -4/Extension | First assault squad dispatched 12394 | -4/Extension | Rescued A7 12450 | -4/Extension | Lost 4 allies 12458 | -4/Extension | Build established: Scavenger-Mutant 12489 | -4/Extension | Rescued a captive Derelict 12492 | -4/Extension | Rescued a captive Derelict 12557 | -4/Extension | Discovered new exit (range 10) 12558 | -4/Extension | Discovered new exit (range 6) 12560 | -4/Extension | Identified exit to Cetus 12621 | -4/Extension | Identified exit to Research 12624 | -4/Extension | Entered Cetus 12624 | -4/Cetus | Accompanied by 5 allies (A7) 12629 | -4/Cetus | Acquired a Cetus Manufacturing Module code from A7 12638 | -4/Cetus | Spotted Cetus Guard 12638 | -4/Cetus | Spotted Cetus Guard 12639 | -4/Cetus | Spotted Cetus Guard 12646 | -4/Cetus | Spotted Cetus Guard 12650 | -4/Cetus | Allies destroyed Cetus Guard 12655 | -4/Cetus | Destroyed Cetus Guard 12660 | -4/Cetus | Allies destroyed Cetus Guard 12669 | -4/Cetus | Core integrity fell below 50% 12670 | -4/Cetus | Destroyed Cetus Guard 12695 | -4/Cetus | Lost 7 allies 12756 | -4/Cetus | Started Cetus Manufacturing Module 12781 | -4/Cetus | Manufactured an Enhanced Grunt 12799 | -4/Cetus | Discovered new exit (range 22) 12806 | -4/Cetus | Manufactured an Enhanced Grunt 12829 | -4/Cetus | Spotted Cetus Guard 12831 | -4/Cetus | Manufactured an Enhanced Grunt 12831 | -4/Cetus | Discovered exit to Research (range 6) 12831 | -4/Cetus | Spotted Cetus Guard 12831 | -4/Cetus | Spotted Cetus Guard 12831 | -4/Cetus | Spotted Cetus Guard 12841 | -4/Cetus | Destroyed Cetus Guard 12856 | -4/Cetus | Manufactured an Enhanced Grunt 12857 | -4/Cetus | Allies destroyed Cetus Guard 12858 | -4/Cetus | Destroyed Cetus Guard 12859 | -4/Cetus | Allies destroyed Cetus Guard 12860 | -4/Cetus | Met Revision 17 12881 | -4/Cetus | Manufactured an Enhanced Grunt 12929 | -4/Cetus | System corruption reached 10% 12986 | -4/Cetus | Identified exit to Archives 13000 | -4/Cetus | Murdered A7 13028 | -4/Cetus | Found Prototype Protection 13028 | -4/Cetus | Identified Med. Regenerative Plating 13042 | -4/Cetus | Entered Archives 13042 | -4/Archives | Accompanied by 7 allies 13068 | -4/Archives | Discovered new exit (range 21) 13096 | -4/Archives | Discovered new exit (range 19) 13099 | -4/Archives | Discovered exit to Research (range 21) 13372 | -4/Archives | Identified exit to Hub_04(d) 13373 | -4/Archives | Entered Hub_04(d) 13373 | -4/Hub_04(d) | Accompanied by 5 allies 13489 | -4/Hub_04(d) | Spotted B-86 Titan 13553 | -4/Hub_04(d) | Discovered exit to Research (range 8) 13623 | -4/Hub_04(d) | First assault squad dispatched 13646 | -4/Hub_04(d) | Lost 3 allies 13693 | -4/Hub_04(d) | Network Hub disabled 13732 | -4/Hub_04(d) | Spotted Lightning 13733 | -4/Hub_04(d) | Entered Research 13733 | -3/Research | Evolved 2 slots: Power x1, Utility x1 13901 | -3/Research | Identified exit to Armory 13901 | -3/Research | Identified exit to Testing 13933 | -3/Research | Revision forces began assault on 0b10 13954 | -3/Research | Repaired Nanoactuators 13998 | -3/Research | Met up with Revision 17++ 14106 | -3/Research | Spotted B-86 Titan 14123 | -3/Research | Destroyed B-86 Titan 14355 | -3/Research | Found Prototype Device 14355 | -3/Research | Identified Adv. Kinecellerator 14433 | -3/Research | Research terminal network offline 14531 | -3/Research | Loaded intel: 5 recycling unit locations 14562 | -3/Research | Entered Testing 14702 | -3/Testing | Destroyed 7 combat bots 15037 | -3/Testing | Found Prototype Protection 15037 | -3/Testing | Identified Hvy. Regenerative Plating 15206 | -3/Testing | System corruption reached 10% 15222 | -3/Testing | Spotted Striker 15223 | -3/Testing | Spotted Striker 15487 | -3/Testing | Found Prototype Energy Gun 15487 | -3/Testing | Identified Warp Gun 15620 | -3/Testing | Found Prototype Energy Cannon 15620 | -3/Testing | Identified Disintegrator 15681 | -3/Testing | Found Prototype Device 15681 | -3/Testing | Identified Exp. EM Disruption Field 15691 | -3/Testing | Discovered new exit (range 22) 15924 | -3/Testing | Found Prototype Energy Cannon 15924 | -3/Testing | Identified Imp. Potential Cannon 16332 | -3/Testing | Spotted Superbehemoth 16822 | -3/Testing | Identified Transdimensional Reconstructor 16822 | -3/Testing | Warped through subspace 17225 | -3/Testing | Entered Research 17225 | -2/Research | Evolved 2 slots: Propulsion x2 17862 | -2/Research | Build established: Hacker-Mutant 18012 | -2/Research | Identified exit to Quarantine 18176 | -2/Research | Destroyed 7 combat bots 18279 | -2/Research | Loaded intel: 5 recycling unit locations 18418 | -2/Research | Build established: Scavenger-Mutant 18480 | -2/Research | Discovered new exit (range 5) 18530 | -2/Research | Spotted B-90 Cyclops 19112 | -2/Research | Found Exp. Phase Shifter 19145 | -2/Research | Entered Quarantine 19210 | -2/Quarantine | Repaired Broken Cmb. Antigrav System 19271 | -2/Quarantine | Found Alien Artifact 19272 | -2/Quarantine | Identified Subatomic Replicator 19272 | -2/Quarantine | Forged Prototype Slashing Weapon 19939 | -2/Quarantine | Found Alien Reactor 19951 | -2/Quarantine | Build established: Hacker-Mutant 20026 | -2/Quarantine | System corruption reached 10% 20029 | -2/Quarantine | Discovered new exit (range 11) 20513 | -2/Quarantine | Identified exit to Protoforge 20565 | -2/Quarantine | Learned Access terminal intel 20607 | -2/Quarantine | Learned location of 2 exits from Research 20639 | -2/Quarantine | Learned Research non-interactive machine intel 20660 | -2/Quarantine | Learned 12 Research zone layouts 20672 | -2/Quarantine | Learned location of Section 7 (-2) 20720 | -2/Quarantine | Learned 8 Section 7 zone layouts 21103 | -2/Quarantine | Found Transdimensional Reconstructor 21118 | -2/Quarantine | Found Transdimensional Reconstructor 21368 | -2/Quarantine | Spotted Fortress 21397 | -2/Quarantine | Discovered new exit (range 6) 21403 | -2/Quarantine | Entered Protoforge 21449 | -2/Protoforge | Superfortress began startup sequence 21488 | -2/Protoforge | Discovered new exit (range 16) 21499 | -2/Protoforge | Identified Dimensional Node Initializer 21499 | -2/Protoforge | Initialized slip node 21588 | -2/Protoforge | Spotted Hotshot 21600 | -2/Protoforge | Destroyed Hotshot 21602 | -2/Protoforge | Spotted Hotshot 21611 | -2/Protoforge | Destroyed Hotshot 21635 | -2/Protoforge | Spotted Hotshot 21638 | -2/Protoforge | Build established: Mutant 21651 | -2/Protoforge | Spotted Hotshot 21654 | -2/Protoforge | Destroyed Hotshot 21702 | -2/Protoforge | Destroyed Hotshot 21770 | -2/Protoforge | Forge Plexus network access discovered 21788 | -2/Protoforge | Found Cep. Melee Reflex Suite 21789 | -2/Protoforge | Found Femtoactuators 21793 | -2/Protoforge | Found Cep. Weapon Articulator 21808 | -2/Protoforge | Found Crosscalibrator 21818 | -2/Protoforge | Spotted Decapitator 21818 | -2/Protoforge | Spotted Decapitator 21818 | -2/Protoforge | Spotted Decapitator 21818 | -2/Protoforge | Spotted Decapitator 21819 | -2/Protoforge | Spotted Immortal 21819 | -2/Protoforge | Spotted Immortal 21827 | -2/Protoforge | Destroyed Decapitator 21871 | -2/Protoforge | Found Cep. Network Penetrator 21909 | -2/Protoforge | Found Cep. Weapon Articulator 21959 | -2/Protoforge | Spotted Decapitator 21959 | -2/Protoforge | Spotted Decapitator 21959 | -2/Protoforge | Spotted Decapitator 21959 | -2/Protoforge | Spotted Decapitator 21964 | -2/Protoforge | System corruption reached 30% 21977 | -2/Protoforge | Spotted Immortal 21979 | -2/Protoforge | Spotted V146-u 21981 | -2/Protoforge | Spotted V248-x 21983 | -2/Protoforge | Destroyed V248-x 21985 | -2/Protoforge | Found Cep. Antigrav Storage Unit 21987 | -2/Protoforge | Found Cep. Chromion Battery 21990 | -2/Protoforge | Found Cep. Chromion Battery 21992 | -2/Protoforge | Found Cep. NT7 Matterbank 21994 | -2/Protoforge | Found Cep. Chromion Battery 21996 | -2/Protoforge | Found Cep. NT7 Matterbank 22007 | -2/Protoforge | Found Cep. Gyrokinetic System 22063 | -2/Protoforge | Found Cep. Fieldthrust Drive 22069 | -2/Protoforge | Found Faulty Cep. Combat Aerolev Unit 22070 | -2/Protoforge | Found Cep. Combat Aerolev Unit 22072 | -2/Protoforge | Found Faulty Cep. Gyrokinetic System 22084 | -2/Protoforge | Found Faulty Cep. Combat Aerolev Unit 22091 | -2/Protoforge | Found Faulty Cep. Gyrokinetic System 22103 | -2/Protoforge | Found Cep. Gyrokinetic System 22120 | -2/Protoforge | Found Cep. Gyrokinetic System 22152 | -2/Protoforge | Destroyed Decapitator 22152 | -2/Protoforge | Destroyed Decapitator 22153 | -2/Protoforge | First assault squad dispatched 22159 | -2/Protoforge | Spotted V440-o 22173 | -2/Protoforge | Found Cep. Zero-point Core 22184 | -2/Protoforge | Found Cep. Zero-point Core 22280 | -2/Protoforge | Spotted AP7-3 22280 | -2/Protoforge | Spotted AP7-3 22337 | -2/Protoforge | Destroyed AP7-3 22347 | -2/Protoforge | Destroyed AP7-3 22348 | -2/Protoforge | Found Prototype Processor 22348 | -2/Protoforge | Identified Exp. Targeting Computer 22365 | -2/Protoforge | Scanned by Researcher 22372 | -2/Protoforge | Build established: Sprinter 22379 | -2/Protoforge | Found Cep. Impact Drone Bay 22382 | -2/Protoforge | Found Cep. Cloak Mesh 22403 | -2/Protoforge | Found Faulty Cep. Impact Drone Bay 22448 | -2/Protoforge | Found Prototype Processor 22449 | -2/Protoforge | Identified Exp. Target Analyzer 22459 | -2/Protoforge | Found Prototype Device 22459 | -2/Protoforge | Identified Exp. ECM Suite 22489 | -2/Protoforge | Additional patrols dispatched to research labs 22499 | -2/Protoforge | Found Transdimensional Reconstructor 22499 | -2/Protoforge | Warped through subspace to slip node 22520 | -2/Protoforge | Entered Access 22520 | -1/Access | Evolved 2 slots: Utility x2 22521 | -1/Access | Loaded intel: 18 terminal locations 22743 | -1/Access | Build established: Hacker-Sprinter 23162 | -1/Access | Discovered new exit (range 7) 23322 | -1/Access | Entered Command 23496 | -1/Command | Spotted Combat Programmer 23517 | -1/Command | Spotted Combat Programmer 23519 | -1/Command | Destroyed Combat Programmer 23524 | -1/Command | Destroyed Combat Programmer 23532 | -1/Command | Spotted M Guard 23532 | -1/Command | Spotted M Guard 23628 | -1/Command | Met MAIN.C 23633 | -1/Command | 0b10 Conduit disabled 23643 | -1/Command | Destroyed MAIN.C Shell 23644 | -1/Command | MAIN.C activated Command garrisons 23655 | -1/Command | Found Prototype Protection 23655 | -1/Command | Identified Exp. Powered Armor 23673 | -1/Command | Destroyed MAIN.C 23674 | -1/Command | Discovered new exit (range 54) 23674 | -1/Command | Discovered new exit (range 84) 23674 | -1/Command | Extracted map data and part IDs from MAIN.C's data core 23698 | -1/Command | Lost 5 allies 23724 | -1/Command | All MAIN.C guards destroyed 23952 | -1/Command | Build established: Infiltrator-Sprinter 24424 | -1/Command | Found Gamma Bomb Array 24500 | -1/Command | Found Corrupted Exp. Core Analyzer 24555 | -1/Command | Found Centrium Heavy Armor Plating 24926 | -1/Command | Build established: Scavenger-Sprinter 24984 | -1/Command | Found Exp. Phase Shifter 24987 | -1/Command | Found Exp. Armor Integrity Analyzer 24989 | -1/Command | Found Exp. Force Field 25008 | -1/Command | Found Exp. System Purifier 25014 | -1/Command | Found Vortex Chain Reactor 25393 | -1/Command | Warped through subspace to slip node 25393 | -1/Command | Discovered new exit (range 5) 25397 | -1/Command | Entered Access_0 25398 | -1/Access_0 | Met Architect 25408 | -1/Access_0 | Architect warped through subspace 25432 | -1/Access_0 | Found Sigix Corpse 25445 | -1/Access_0 | Subspace Access Node disabled 25448 | -1/Access_0 | Architect warped through subspace 25459 | -1/Access_0 | Found Exp. Powered Armor 25469 | -1/Access_0 | Found Exp. Powered Armor 25487 | -1/Access_0 | A6 warped into view 25496 | -1/Access_0 | Destroyed A6 25505 | -1/Access_0 | Architect warped through subspace 25506 | -1/Access_0 | Found Alien Energy Gun 25506 | -1/Access_0 | Identified Modified Sigix Sheargun 25530 | -1/Access_0 | Subspace Access Node disabled 25542 | -1/Access_0 | Architect warped through subspace 25543 | -1/Access_0 | Found Zero-point Reactor 25577 | -1/Access_0 | Architect warped through subspace 25606 | -1/Access_0 | A5 warped into view 25618 | -1/Access_0 | Destroyed A5 25625 | -1/Access_0 | Architect warped through subspace 25656 | -1/Access_0 | Architect warped through subspace 25675 | -1/Access_0 | Architect warped through subspace 25695 | -1/Access_0 | Subspace Access Node disabled 25713 | -1/Access_0 | Architect warped through subspace 25756 | -1/Access_0 | Architect warped through subspace 25795 | -1/Access_0 | Architect warped through subspace 25809 | -1/Access_0 | Found Exp. Phase Shifter 25819 | -1/Access_0 | Architect warped through subspace 25839 | -1/Access_0 | Architect warped through subspace 25856 | -1/Access_0 | Architect warped through subspace 25879 | -1/Access_0 | Architect warped through subspace 25903 | -1/Access_0 | Destroyed A2 25903 | -1/Access_0 | Extracted Singularity Gate Test 138-C access codes from A2's data core 25910 | -1/Access_0 | A4 warped into view 25935 | -1/Access_0 | Started Test 138-B, establishing a local singularity 25935 | -1/Access_0 | Singularity Gate disabled 25941 | -1/Access_0 | Singularity Gate disabled 25956 | -1/Access_0 | Architect warped through subspace 25982 | -1/Access_0 | Destroyed A4 25989 | -1/Access_0 | Architect warped through subspace 26025 | -1/Access_0 | Subspace Access Node disabled 26052 | -1/Access_0 | Destroyed Architect 26053 | -1/Access_0 | Extracted unknown sensor trigger ID from Architect's data core 26054 | -1/Access_0 | Found Prototype Hackware 26054 | -1/Access_0 | Identified Architect God Chip D 26058 | -1/Access_0 | Found Zero-point Reactor 26060 | -1/Access_0 | Found Prototype Protection 26060 | -1/Access_0 | Identified Centrium Linked Plating 26099 | -1/Access_0 | Found Core Expander 26168 | -1/Access_0 | A3 warped into view 26183 | -1/Access_0 | Destroyed A3 26185 | -1/Access_0 | Found Prototype Ballistic Gun 26185 | -1/Access_0 | Identified A3's Sniper Rifle 26202 | -1/Access_0 | Found Integrated Dissipator 26202 | -1/Access_0 | Installed Integrated Dissipator, increased core heat dissipation (+20) 26216 | -1/Access_0 | Found Hpw. Transdimensional Reconstructor 26304 | -1/Access_0 | Found Exp. Powered Armor 26733 | -1/Access_0 | Warped through subspace to slip node 26733 | -1/Access_0 | Discovered new exit (range 8) 26736 | *** | Establishing 0b11! Last Messages --------------- 26619_ Reinforced Shell breached. 26631_ Enhanced Sentry suffers critical hit (Smash). 26631_ Destroyed Prototype Energy Gun. 26631_ Enhanced Sentry system corrupted by crushing effect. 26636_ Enhanced Sentry suffers critical hit (Smash). 26636_ Destroyed Prototype Energy Gun. 26636_ Enhanced Sentry system corrupted by crushing effect. 26636_ Destroyed Adv. Point Defense System. 26636_ Enhanced Sentry system corrupted by crushing effect. 26637_ Enhanced Sentry system terminally corrupted. 26640_ System corrupted: Component data lost. 26664_ Impact Drone retrieved by Cep. Impact Drone Bay (repair cost: 2). 26668_ Impact Drone retrieved by Cep. Impact Drone Bay (no repairs). 26668_ Impact Drone retrieved by Cep. Impact Drone Bay (repair cost: 9). 26721_ D4XI 4N UNP8 Q8Q=5|IQ=%:QQD 26724_ Impact Drone retrieved by Cep. Impact Drone Bay (repair cost: 9). 26733_ Warped through subspace, drawn to slip node. 26733_ EXIT=FOUND [Achievement: I Was Wrong!] Map ----- +----------------------------------------------------+ | | | | | | | | | | | | | | | | | | | | | | | | | | | | | | | | | ?????????????????????????????????????????????????? | | ?????????????????????????????????????????????????? | | ?????????????????????????????????????????????????? | | ?????????????????????????????????????????????????? | | ?????????????????????????????????????????????????? | | ?????????????????????????????????????????????????? | | ????????????????????????###??????????????????????? | | ???????????????????????## ##?????????????????????? | | ???????????????????????# #?????????????????????? | | ???????????????????????# @ #?????????????????????? | | ??????????????????????## #?????????????????????? | | ??????????????????????# #?????????????????????? | | ??????????????????????# ##?????????????????????? | | ??????????????????????## #?????????????????????? | | ??????????????????????# #?????????????????????? | | ??????????????????????# ##?????????????????????? | | ??????????????????????# < #?????????????????????? | | ??????????????????????# ##?????????????????????? | | ??????????????????????## #??????????????????????? | | ???????????????????????####??????????????????????? | | ?????????????????????????????????????????????????? | | ?????????????????????????????????????????????????? | | ?????????????????????????????????????????????????? | | ?????????????????????????????????????????????????? | | ?????????????????????????????????????????????????? | | ?????????????????????????????????????????????????? | | ?????????????????????????????????????????????????? | | ?????????????????????????????????????????????????? | | ?????????????????????????????????????????????????? | | ?????????????????????????????????????????????????? | | ?????????????????????????????????????????????????? | | ?????????????????????????????????????????????????? | | ?????????????????????????????????????????????????? | | ?????????????????????????????????????????????????? | +----------------------------------------------------+ Best States ------------- Heat Dissipation 93 Energy Generation 99 Energy Capacity 990 Matter Stores 300 Matter Capacity 300 Sight Range 22 Robot Scan Range 16 Terrain Scan Density 10 ECM Strength 3 Jamming Range 16 Cloak Strength 6 Additional Mass Support 20 Armor Coverage 1500 Resistance: KI 20 Utility Shielding 66 Melee Speed Boost 50 Phase Shifting 20 Evasion (%) 92 Targeting Accuracy 42 Melee Accuracy 24 Launcher Accuracy 40 Target Analysis 10 Core Analysis 8 Armor Integrity Analysis 50 Recoil Reduction 8 Kinecelleration 50 Force Boost 20 Offensive Hacking 50 Defensive Hacking 12 Item Schematics ----------------- Hcp. Storage Unit | -10/Materials | Hacked Lrg. Storage Unit | -8/Recycling | Hacked Assault Drone Bay | -5/Zhirov | Free Exp. Heat Sink | -5/Zhirov | Free Exp. Optical Array | -5/Zhirov | Free Imp. Arc Thrower | -5/Zhirov | Free Huge Storage Unit | -3/Research | Hacked Electron Diverter | -3/Testing | Archive Cld. Nuclear Pulse Thruster | -3/Testing | Archive Cmb. Antigrav System | -2/Research | Scanalyzed Enh. Biometal Leg | -2/Protoforge | Archive Prc. Matter Filter | -2/Protoforge | Archive Exp. System Shield | -2/Protoforge | Archive Gravity Neutralizer | -2/Protoforge | Archive Exp. Signal Interpreter | -2/Protoforge | Archive Exp. Core Analyzer | -2/Protoforge | Archive Robot Schematics ------------------ T-07 Excavator | -2/Protoforge | Archive E-15 Imp | -2/Protoforge | Archive C-57 Dissector | -2/Protoforge | Archive A-27 Freighter | -2/Protoforge | Archive Fabricated ------------ Nothing Repaired ---------- Cmb. Airjet | 21% | -5/Factory Cld. Aerolev Unit | 25% | -4/Factory Cld. Aerolev Unit | 63% | -4/Factory Nanoactuators | 30% | -3/Research Cmb. Antigrav System | 38% | -2/Quarantine | Broken Alien Tech Used ----------------- Core Expander Integrated Reactor Transdimensional Reconstructor Subatomic Replicator Dimensional Node Initializer Modified Sigix Sheargun Integrated Dissipator High-powered Transdimensional Reconstructor Achievements -------------- Armchair Analyst Gladiator I Was Wrong! Knowing Is Half The Battle Perfect Aim Release The Drones! The Bigger They Are The Science Guy Whoosh! Challenges ------------ None Game ------ Seed MicroVampiricJets Manual? 0 Play Time 09:23:19 Cumulative 218.1 hours Start 2025.10.11 @ 09:56:53 End 2025.10.19 @ 01:07:41 Sessions 17 Manual Loads 0 Difficulty Rogue Special Mode None Game No. 96 Rogue 96 Adventurer 0 Explorer 0 Win Type 1 Total 20 Types 6/3/5/1/1/0/0/1/1/2 Lore% 76 Gallery% 74 Achievement% 69 Wizard Run 0 Options --------- Layout 0 ASCII 0 Keyboard 1 Movement Vi Keybinds 0 Fullscreen 2 Font 18/SmallcapsGlow Map View 76x50 Zoom Use 0% Tactical HUD 1 Map Filters NONE Filters NONE Steam 1 RUN: fb6d7dee-3ea6-4f59-a00a-6b65b85fbcab